Cogmind - Beta 12 @@@ ROGUE MODE // 2024.02.15 @ 15:03:19 Player: Dosh Result: Destroyed 0b10! Performance ------------- Evolutions (9) 4500 Regions Visited (38) 7600 Robots Destroyed (342) 1710 Value Destroyed (11067) 11067 Prototype IDs (107) 2140 Alien Tech Used (8) 1600 Bonus (22400) 22400 TOTAL SCORE: 51017 Bonus ------- Triggered Max Security 2000 High Alert Combat Kills 642 Follower Combat Kills 2949 Entered Garrisons 400 Network Hubs Disabled 600 Aligned with FarCom 300 Met Data Miner 300 Met Zhirov 300 Built Enhanced Grunts 300 Met R17 at Cetus 500 Found Hidden Lab 3000 Used Core Reset Matrix 3000 Met R17 at Research 2000 Met Sigix 2000 Escaped with Sigix 5000 Win 3000 Friendly Fire -3891 Cogmind --------- Core Integrity 1600/1600 Matter 265/300 Energy 314/450 System Corruption 1% Temperature Cool (48) Movement Flying (14) Location Tau Ceti IV Orbit Parts ------- > --- POWER (3) -------- Micro Antimatter Reactor Micro Antimatter Reactor > --- PROPULSION (8) --- Cooled Nuclear Pulse Thruster Cooled Nuclear Pulse Thruster Cooled Nuclear Pulse Thruster Cooled Nuclear Pulse Thruster Cooled Nuclear Pulse Thruster Cooled Nuclear Pulse Thruster Cooled Nuclear Pulse Thruster Cooled Nuclear Pulse Thruster > --- UTILITY (12) ----- Experimental Coolant Injector Medium Storage Unit Advanced Gravity Neutralizer Structural Scanner ECM Suite Advanced Reaction Control System Centrium Medium Armor Plating Energy Mantle Improved Hacking Suite Advanced Hacking Suite System Shield > --- WEAPON (2) ------- Nova Cannon Nanosword > --- INVENTORY (10) --- Field Propulsion Drive Field Propulsion Drive Power Amplifier Improved Energy Well (400) Advanced Weight Redist. System Stasis Canceller High-powered Transdimensional Reconstructor Mini Smartbomb Launcher Sigix Containment Pod Peak State ------------ > --- POWER ------------ Micro Antimatter Reactor Micro Antimatter Reactor > --- PROPULSION ------- Cooled Nuclear Pulse Thruster Cooled Nuclear Pulse Thruster Cooled Nuclear Pulse Thruster Cooled Nuclear Pulse Thruster Cooled Nuclear Pulse Thruster Cooled Nuclear Pulse Thruster Cooled Nuclear Pulse Thruster Cooled Nuclear Pulse Thruster > --- UTILITY ---------- Experimental Coolant Injector Medium Storage Unit Advanced Gravity Neutralizer Stasis Canceller Advanced Reaction Control System Centrium Medium Armor Plating Energy Mantle Improved Hacking Suite Advanced Hacking Suite Advanced Hacking Suite > --- WEAPON ----------- Nova Cannon Nanosword > --- INVENTORY -------- Improved Q-thruster Improved Energy Well Structural Scanner High-powered Transdimensional Reconstructor Mini Smartbomb Launcher Sigix Containment Pod [Rating: 159] Favorites ----------- Power Micro Fission Core Engine Ion Engine Power Core Micro Fission Core Reactor Micro Antimatter Reactor Propulsion Cooled Nuclear Pulse Thruster Treads Light Treads Leg Flexi-carbon Leg Wheel Armored Wheel Hover Unit Gravmag System Flight Unit Cooled Nuclear Pulse Thruster Utility Improved Hacking Suite Device Gravity Neutralizer Storage Large Storage Unit Processor Machine Analyzer Hackware Improved Hacking Suite Protection Centrium Medium Armor Plating Weapon Enhanced Coil Gun Energy Gun Wave Gun Energy Cannon Heavy Phase Cannon Ballistic Gun Enhanced Coil Gun Ballistic Cannon Mass Driver Launcher Rocket Launcher Impact Weapon Great Maul Slashing Weapon Nanosword Piercing Weapon Lance Build | -11 -10 -10 -10 -9 -8 -8 -8 -8 -8 -7 -7 -7 -7 -7 -7 -6 -6 -6 -6 -6 -6 -6 -6 -5 -5 -5 -5 -5 -5 -4 -4 -4 -4 -3 -3 -3 -2 -1 ------- Run | Jun Mat Min Exi Min Mat Gar Mat Gar Mat Fac Was Fac Low Low Dat Pro Fac Was Fac Ext Cet Arc Hub Fac Was Fac Upp Upp Zhi Pro Fac Arm Lab Res Qua Sec Res Acc Slots Evolved 18 | . . . . . 4 . . . . 2 . . . . . . 2 . . . . . . 2 . . . . . . 2 . . 2 . . 2 2 Power 2 | . . . . . . . . . . . . . . . . . . . . . . . . 1 . . . . . . . . . 1 . . . . Propulsion 6 | . . . . . 2 . . . . . . . . . . . 1 . . . . . . . . . . . . . 1 . . . . . 2 . Utility 10 | . . . . . 2 . . . . 2 . . . . . . 1 . . . . . . 1 . . . . . . 1 . . 1 . . . 2 Weapon . | . . . . . . . . . . . . . . . . . . . . . . . . . . . . . . . . . . . . . . . Parts Attached 478 | 6 13 4 . 4 26 13 1 18 25 2 5 41 3 9 . 2 55 2 38 30 4 6 6 13 . 33 6 5 4 4 28 17 7 20 8 8 8 4 Power 46 | 1 1 1 . . 5 2 . 2 1 . 2 5 . . . . 7 1 3 1 . . . 1 . 5 . . . . 2 1 . 4 . . 1 . Engine 10 | 1 1 1 . . 3 2 . 1 . . . . . . . . . . . . . . . 1 . . . . . . . . . . . . . . Core 22 | . . . . . 2 . . 1 1 . 2 5 . . . . 6 . . 1 . . . . . 3 . . . . . . . 1 . . . . Reactor 14 | . . . . . . . . . . . . . . . . . 1 1 3 . . . . . . 2 . . . . 2 1 . 3 . . 1 . Propulsion 103 | 2 3 . . 2 7 3 . 3 13 . 1 4 . . . . 16 . 7 15 2 1 . 7 . 5 . . . . 8 1 . 1 . . 2 . Treads 39 | 2 3 . . 2 7 2 . 3 9 . 1 1 . . . . . . . 6 2 1 . . . . . . . . . . . . . . . . Leg 4 | . . . . . . . . . . . . . . . . . . . . 4 . . . . . . . . . . . . . . . . . . Wheel 1 | . . . . . . . . . 1 . . . . . . . . . . . . . . . . . . . . . . . . . . . . . Hover 1 | . . . . . . . . . 1 . . . . . . . . . . . . . . . . . . . . . . . . . . . . . Flight 58 | . . . . . . 1 . . 2 . . 3 . . . . 16 . 7 5 . . . 7 . 5 . . . . 8 1 . 1 . . 2 . Utility 200 | 1 5 . . . 5 3 1 8 9 2 2 17 2 8 . 1 21 1 11 5 1 1 . 5 . 15 2 3 3 3 15 12 3 13 6 7 5 4 Device 111 | . . . . . 1 1 . 5 7 1 2 7 2 7 . 1 10 1 8 2 . . . 1 . 4 2 1 . 2 11 8 2 6 6 5 4 4 Storage 17 | 1 2 . . . . . . . 1 . . 2 . . . . 2 . 1 3 . . . 1 . 3 . . . . . . . 1 . . . . Processor 6 | . 1 . . . 1 . . . . . . 1 . . . . 3 . . . . . . . . . . . . . . . . . . . . . Hackware 20 | . . . . . 1 . 1 . . 1 . 1 . . . . 4 . 2 . . . . 3 . 2 . . . . . . . 3 . 1 1 . Protection 46 | . 2 . . . 2 2 . 3 1 . . 6 . 1 . . 2 . . . 1 1 . . . 6 . 2 3 1 4 4 1 3 . 1 . . Artifact . | . . . . . . . . . . . . . . . . . . . . . . . . . . . . . . . . . . . . . . . Weapon 129 | 2 4 3 . 2 9 5 . 5 2 . . 15 1 1 . 1 11 . 17 9 1 4 6 . . 8 4 2 1 1 3 3 4 2 2 1 . . Energy Gun 7 | . . . . . . . . . . . . 1 . . . . 2 . . . . 2 . . . . . . . . . . 1 1 . . . . Energy Cannon 25 | . . . . . 2 4 . 3 1 . . 6 . 1 . . 2 . 1 . . . 1 . . . . . . . . . 1 . 2 1 . . Ballistic Gun 40 | 2 2 2 . 2 1 . . . . . . . . . . . 3 . 10 4 1 2 4 . . 3 . . . . 1 2 1 . . . . . Ballistic Cannon 20 | . 1 . . . 4 . . 2 1 . . 6 . . . . 4 . 1 1 . . . . . . . . . . . . . . . . . . Launcher 21 | . . 1 . . 1 1 . . . . . 2 1 . . 1 . . 3 3 . . 1 . . 2 2 1 1 . . 1 . . . . . . Special Weapon . | . . . . . . . . . . . . . . . . . . . . . . . . . . . . . . . . . . . . . . . Impact Weapon 5 | . 1 . . . 1 . . . . . . . . . . . . . 2 1 . . . . . . . . . . . . . . . . . . Slashing Weapon 3 | . . . . . . . . . . . . . . . . . . . . . . . . . . . . . . . 1 . 1 1 . . . . Piercing Weapon 8 | . . . . . . . . . . . . . . . . . . . . . . . . . . 3 2 1 . 1 1 . . . . . . . Special Melee Weapon . | . . . . . . . . . . . . . . . . . . . . . . . . . . . . . . . . . . . . . . . Unidentified Prototypes 31 | . . . . . . 1 . . 2 . 2 5 . . . . 5 . . . 3 . 1 . . 1 . . 2 . . . 5 3 1 . . . Parts Lost 45 | . 1 2 . . 5 5 . 3 1 . . 4 . 1 . . 5 . 2 6 . . 3 . . . . . . . 2 1 . . . 3 1 . Power 7 | . 1 1 . . 1 . . 1 . . . 1 . . . . . . . 1 . . . . . . . . . . 1 . . . . . . . Propulsion 14 | . . . . . 1 4 . . 1 . . . . . . . 2 . 1 3 . . 1 . . . . . . . 1 . . . . . . . Utility 18 | . . . . . 1 1 . 2 . . . 3 . 1 . . 3 . 1 1 . . . . . . . . . . . 1 . . . 3 1 . Weapon 6 | . . 1 . . 2 . . . . . . . . . . . . . . 1 . . 2 . . . . . . . . . . . . . . . Highest Loss Streak 5 | . 1 2 . . 5 3 . 1 1 . . 3 . 1 . . 2 . 1 3 . . 2 . . . . . . . 1 1 . . . 3 1 . To Critical Strikes . | . . . . . . . . . . . . . . . . . . . . . . . . . . . . . . . . . . . . . . . Average Slot Usage (%) 88 | . 90 99 100 100 93 87 63 79 97 91 91 68 69 69 61 68 84 91 97 87 81 79 79 87 100 99 100 100 100 100 99 97 98 97 95 94 93 92 Engine 2 | . 13 13 14 14 4 5 9 5 . . . . . . . . . . . . . . . 4 5 2 . . . . . . . . . . . . Core 4 | . . . . . 4 3 . 3 8 7 6 6 7 7 7 7 6 1 . 2 6 6 6 5 5 4 5 5 5 5 1 . . 2 4 . . . Reactor 2 | . . . . . . . . . . . . . . . . . . 4 5 3 . . . . . 2 5 5 5 5 8 10 10 8 9 9 8 8 Treads 13 | . 28 28 28 28 33 25 . 18 31 30 29 9 . . . . . . . 13 21 19 19 . . . . . . . . . . . . . . . Flight 11 | . . . . . . 2 9 1 . . . 3 7 7 7 7 21 33 32 7 . . . 25 29 28 29 29 29 29 30 31 31 28 28 28 34 32 Device 9 | . . . . . 1 4 9 10 17 15 15 7 15 19 23 23 7 4 11 13 7 6 6 5 5 8 15 14 5 16 12 15 20 18 22 22 19 24 Storage 7 | . 14 14 14 14 9 9 9 9 9 7 7 7 7 7 7 7 6 6 6 6 6 6 6 5 5 5 5 5 5 5 5 5 5 4 4 4 4 4 Processor 3 | . . . . . 8 6 . . . . . 3 7 7 7 7 10 6 6 6 6 6 6 5 5 1 . . . . . . . . . . . . Hackware 10 | . . . . . 2 4 9 5 . 6 7 5 7 7 7 7 16 20 20 13 13 9 6 14 23 23 23 23 23 23 20 15 10 14 14 14 13 12 Protection 6 | . 5 14 14 14 11 11 9 9 8 7 7 8 7 2 . . . . . . 4 9 13 6 5 5 1 2 11 . 7 9 9 8 4 4 4 4 Energy Cannon 2 | . . . . . 4 8 9 10 12 7 7 4 . 6 . . 1 . . . . . . . . . . . . . . . . . . 3 4 4 Ballistic Gun 4 | . 19 4 . 10 2 . . . . . . . . . . . 4 13 10 7 11 7 12 11 11 6 5 5 5 5 5 1 5 1 . . . . Ballistic Cannon 3 | . 6 14 14 14 10 6 . 5 5 7 7 6 . . . . 3 . . 1 1 . . . . . . . . . . . . . . . . . Naked Turns . | . . . . . . . . . . . . . . . . . . . . . . . . . . . . . . . . . . . . . . . Heaviest Build 103 | 13 31 33 33 33 44 66 49 67 75 83 83 103 36 42 30 36 44 36 40 71 78 82 82 40 40 41 35 40 41 41 46 48 48 52 52 54 72 72 Greatest Support 183 | 40 40 40 40 40 80 87 50 67 91 91 119 119 50 50 50 50 67 37 49 115 183 183 183 40 40 57 57 57 42 42 70 70 52 52 67 74 83 74 Greatest Overweight (x) 19 | 3 . . . . . 1 . 14 5 . . . . . . . 8 . 2 19 . . . . . . . . . . 2 1 . . . 1 2 . Average Overweight (x) . | . . . . . . . . . 1 . . . . . . . . . . . . . . . . . . . . . . . . . . . . . Largest Inventory Capacity 20 | 8 15 15 15 15 15 15 15 15 15 15 15 20 15 15 15 15 15 10 10 20 20 20 20 20 10 10 10 10 10 10 10 10 10 10 10 10 10 10 Average Capacity 14 | 7 11 15 15 15 15 15 15 15 15 15 15 17 15 15 15 15 12 10 10 17 20 20 20 12 10 10 10 10 10 10 10 10 10 10 10 10 10 10 Most Carried 20 | 3 12 8 13 15 15 15 15 15 15 14 15 20 15 15 15 15 15 10 10 17 20 20 20 20 8 10 10 10 10 10 10 10 10 10 10 10 8 10 Average Carried 12 | 1 8 7 10 14 14 14 13 13 14 12 13 14 15 14 15 14 11 9 9 13 19 19 19 9 7 9 10 10 9 9 8 9 8 9 9 9 7 9 Final Capacity 20 | 8 15 15 15 15 15 15 15 15 15 15 15 15 15 15 15 15 10 10 10 20 20 20 20 10 10 10 10 10 10 10 10 10 10 10 10 10 10 10 Final Carried 20 | 3 8 8 13 15 15 11 15 13 15 13 15 15 15 15 15 15 10 10 10 15 20 20 20 7 8 10 10 10 10 9 10 7 10 10 10 9 7 10 Class Distribution -------------------- 41% | Mutant 23% | Hacker-Sprinter 13% | Scavenger-Mutant 7% | Commander-Mutant 7% | Hacker-Scout Dominant Class ---------------- Mutant | -10/Materials Mutant | -10/Mines Mutant | -10/Exiles Scavenger-Mutant | -9/Mines Mutant | -8/Materials Mutant | -8/Garrison Mutant | -8/Materials Mutant | -8/Garrison Mutant | -8/Materials Mutant | -7/Factory Mutant | -7/Waste Mutant | -7/Factory Mutant | -7/Lower Caves Mutant | -7/Lower Caves Mutant | -7/Data Miner Mutant | -6/Proximity Caves Hacker-Scout | -6/Factory Hacker-Sprinter | -6/Waste Hacker-Sprinter | -6/Factory Commander-Mutant | -6/Extension Commander-Mutant | -6/Cetus Scavenger-Mutant | -6/Archives Scavenger-Mutant | -6/Hub_04(d) Hacker-Sprinter | -5/Factory Hacker-Sprinter | -5/Waste Hacker-Sprinter | -5/Factory Hacker-Sprinter | -5/Upper Caves Hacker-Sprinter | -5/Upper Caves Hacker-Sprinter | -5/Zhirov Hacker-Sprinter | -4/Proximity Caves Hacker-Sprinter | -4/Factory Hacker-Sprinter | -4/Armory Machinist-Sprinter | -4/Lab Hacker-Sprinter | -3/Research Hacker-Sprinter | -3/Quarantine Hacker-Sprinter | -3/Section 7 Machinist-Sprinter | -2/Research Machinist-Sprinter | -1/Access Resources | -11 -10 -10 -10 -9 -8 -8 -8 -8 -8 -7 -7 -7 -7 -7 -7 -6 -6 -6 -6 -6 -6 -6 -6 -5 -5 -5 -5 -5 -5 -4 -4 -4 -4 -3 -3 -3 -2 -1 ----------- Run | Jun Mat Min Exi Min Mat Gar Mat Gar Mat Fac Was Fac Low Low Dat Pro Fac Was Fac Ext Cet Arc Hub Fac Was Fac Upp Upp Zhi Pro Fac Arm Lab Res Qua Sec Res Acc Matter Collected 10546 | 256 550 145 . 51 889 458 40 444 747 30 122 1001 43 199 . 70 947 191 971 858 146 82 318 . . 650 160 55 60 48 317 297 . 270 45 55 31 . Remotely . | . . . . . . . . . . . . . . . . . . . . . . . . . . . . . . . . . . . . . . . Salvage Created 13271 | 117 926 168 . 67 859 809 235 807 1279 30 286 1091 52 179 . 30 955 . 1054 977 123 295 548 . . 836 67 50 127 371 340 126 . 276 60 93 38 . Parts 678 | 5 71 4 . 5 65 32 15 39 75 2 2 60 2 13 . 1 36 . 42 58 3 15 28 . . 29 6 4 . . 23 8 . 19 4 9 3 . Haulers Intercepted 16 | . 2 . . . 1 . 1 . 4 . . 6 . . . . 2 . . . . . . . . . . . . . . . . . . . . . Recyclers Shooed 13 | . . . . . . . . . 2 . . . . . . . 4 . 5 1 . . 1 . . . . . . . . . . . . . . . Parts Field Recycled . | . . . . . . . . . . . . . . . . . . . . . . . . . . . . . . . . . . . . . . . Retrieved Matter . | . . . . . . . . . . . . . . . . . . . . . . . . . . . . . . . . . . . . . . . Parts Self-Destructed 22 | . . . . . . . . . . . . . 5 8 . 1 . . . . . . . . . . 6 2 . . . . . . . . . . Prevented 1 | . . . . . . . . . . . . . . . . . . . . . . . . . . . 1 . . . . . . . . . . . Kills | -11 -10 -10 -10 -9 -8 -8 -8 -8 -8 -7 -7 -7 -7 -7 -7 -6 -6 -6 -6 -6 -6 -6 -6 -5 -5 -5 -5 -5 -5 -4 -4 -4 -4 -3 -3 -3 -2 -1 ------- Run | Jun Mat Min Exi Min Mat Gar Mat Gar Mat Fac Was Fac Low Low Dat Pro Fac Was Fac Ext Cet Arc Hub Fac Was Fac Upp Upp Zhi Pro Fac Arm Lab Res Qua Sec Res Acc Combat Hostiles Destroyed 211 | . 19 5 . 3 18 19 4 21 25 . . 16 3 7 . 1 8 . 15 14 1 . 8 . . 7 6 4 . . 1 6 . . . . . . Melee 3 | . . . . . . . . . . . . . . . . . . . . . . . . . . 1 1 . . . . 1 . . . . . . Guns 38 | . 16 1 . . 5 . . . . . . . . . . . 1 . 3 6 1 . 3 . . 1 . . . . 1 . . . . . . . Cannons 99 | . 3 1 . . 12 15 4 21 25 . . 14 . 1 . . 3 . . . . . . . . . . . . . . . . . . . . . AOE 65 | . . 1 . 3 . 2 . . . . . 2 3 6 . 1 4 . 12 7 . . 5 . . 5 5 4 . . . 5 . . . . . . Classes Destroyed 21 | 2 7 . . . 2 1 1 1 1 . 1 1 . 1 . . . . . 1 . . . . . 1 . . . . . . . . 1 . . . Worker 15 | . 1 . . . . . . . . 1 . 3 . . . . 1 . 2 1 . . 4 . . . . . . . 1 . . 1 . . . . Builder 18 | . 3 . . . 3 . . . 1 . . 2 . . . . 1 . 1 4 . . 2 . . . . . . . 1 . . . . . . . Tunneler 2 | 1 . . . . . . . . . . . . . . . . . . . 1 . . . . . . . . . . . . . . . . . . Hauler 16 | . 2 . . . 1 . 1 . 4 . . 6 . . . . 2 . . . . . . . . . . . . . . . . . . . . . Recycler 24 | 1 . . . . 1 . . . 1 . . 2 . . . . 5 . 6 2 . . . . . 5 . . . . . . . 1 . . . . Minesweeper 2 | . . . . . . . . . . . . . . 2 . . . . . . . . . . . . . . . . . . . . . . . . Operator 17 | . 1 . . . 2 . 1 . . . . . . . . . . . . 1 . 9 1 . . 1 . . . . . . . 1 . . . . Drone 1 | . . . . . . . . . . . . . . . . . . . . . . . . . . 1 . . . . . . . . . . . . Watcher 27 | . 3 . . . 3 . 1 . 3 . . 1 . . . . 2 . . 2 . . . . . 2 . . . . 7 . . 2 . . 1 . Swarmer 66 | . 5 . . 3 3 2 2 3 5 . . . 3 4 . . 4 . 10 2 1 . . . . 5 6 4 . . . 4 . . . . . . Grunt 90 | . 14 5 . 1 10 11 1 16 12 . . 5 . 2 . . 1 . 4 4 . . 3 . . 1 . . . . . . . . . . . . Brawler 1 | . . . . . . . . . 1 . . . . . . . . . . . . . . . . . . . . . . . . . . . . . Duelist 1 | . . . . . . . 1 . . . . . . . . . . . . . . . . . . . . . . . . . . . . . . . Researcher 3 | . . . . . . . . . . . . . . . . . . . . . . . . . . . . . . . . . . . 1 2 . . Sentry 28 | . . . . . 5 3 . 1 7 . . 2 . . . . 1 . 1 6 . . 2 . . . . . . . . . . . . . . . Specialist 7 | . . . . . . 3 . . . . . 2 . . . . . . . . . . 2 . . . . . . . . . . . . . . . Hunter 5 | . . . . . 2 . . . . . . 1 . . . . . . . . . . . . . . . . . . . 2 . . . . . . Programmer 11 | . . . . . . . . 1 . . . 5 . 1 . 1 2 . . . . . . . . . . . . . 1 . . . . . . . Heavy 2 | . . . . . . . . . . . . 1 . . . . . . . . . . 1 . . . . . . . . . . . . . . . Behemoth 2 | . . . . . . . . . . . . . . . . . . . . 2 . . . . . . . . . . . . . . . . . . Enhanced Grunt 1 | . . . . . . . . . . . . . . . . . . . . . . . 1 . . . . . . . . . . . . . . . Thug 1 | . . . . . 1 . . . . . . . . . . . . . . . . . . . . . . . . . . . . . . . . . Butcher 1 | . . . . . . . . . . . . . . . . . . . . . 1 . . . . . . . . . . . . . . . . . Martyr 1 | . . . . . . . . . . . 1 . . . . . . . . . . . . . . . . . . . . . . . . . . . Best Kill Streak 9 | 2 7 2 . 3 7 3 2 7 5 1 . 8 3 4 . 1 4 . 9 4 1 2 9 . . 6 6 4 . . 2 6 . 2 1 1 1 . Combat Bots Only 7 | . 3 2 . 3 6 3 2 7 3 . . 6 3 4 . 1 4 . 7 3 1 . 7 . . 5 6 4 . . 1 6 . . . . . . Max Kills in Single Turn 6 | 1 1 1 . 4 4 1 1 1 2 1 1 2 3 2 . 1 2 . 6 2 1 1 3 . . 3 3 4 . . 2 2 . 1 1 1 1 . Gunslinging . | . . . . . . . . . . . . . . . . . . . . . . . . . . . . . . . . . . . . . . . Exploded 4 | . . 1 . 3 . 1 . . . . . 1 3 2 . 1 2 . 4 2 . . 2 . . 3 3 4 . . . 2 . . . . . . Melee 1 | . . . . . . . . . . . . . . . . . . . . . . . . . . 1 1 . . . . 1 . . . . . . Uniques/NPCs Destroyed 1 | . . . . . . . . . . . . . . . . . . . . . 1 . . . . . . . . . . . . . . . . . A7 (-6/Cetus) Combat | -11 -10 -10 -10 -9 -8 -8 -8 -8 -8 -7 -7 -7 -7 -7 -7 -6 -6 -6 -6 -6 -6 -6 -6 -5 -5 -5 -5 -5 -5 -4 -4 -4 -4 -3 -3 -3 -2 -1 -------- Run | Jun Mat Min Exi Min Mat Gar Mat Gar Mat Fac Was Fac Low Low Dat Pro Fac Was Fac Ext Cet Arc Hub Fac Was Fac Upp Upp Zhi Pro Fac Arm Lab Res Qua Sec Res Acc Damage Taken 15572 | . 675 565 . 30 1576 1368 221 1160 565 . . 2384 37 296 . 164 716 . 874 950 36 . 1655 . . 274 28 20 . . 946 218 . 60 20 631 78 25 Core 2384 | . 111 54 . 12 100 107 20 88 80 . . 484 15 56 . 20 86 . 278 191 8 . 99 . . 23 . . . . 435 19 . 23 . 75 . . Absorbed by Shields 840 | . . . . . 110 . . 231 222 . . 127 . . . . . . . 27 22 . . . . . . . . . . . . . . . 76 25 Reduced by Siege Mode 87 | . . . . . . . . . . . . . . . . . . . . . . . 87 . . . . . . . . . . . . . . . Redirected to Shielding 662 | . . 11 . 3 22 . . 49 . . . 88 14 104 . . 49 . . . . . . . . 63 . . . . 37 64 . 13 . 145 . . Regen/Repaired (Parts) 3475 | . . . . . 151 . . . 289 47 . 677 . . . . 42 . 520 . . . . . . 970 . . . . 272 . . 507 . . . . Core Remaining (%) 66 | 100 . . . 29 . . . . 28 . . . . . . 17 . . . . . . 22 . . . . . . 97 . . 80 . . 92 100 100 Volleys Fired 1025 | 10 77 15 . 1 81 58 32 82 92 2 15 77 1 28 . 6 87 . 85 66 12 92 37 . . 28 4 1 . 2 22 6 . . 1 4 1 . Largest 2 | 2 2 2 . 1 2 2 1 2 2 2 2 2 1 1 . 1 2 . 2 2 2 2 2 . . 2 1 1 . 1 2 1 . . 1 1 1 . Hottest 180 | 40 55 68 . 33 111 111 90 153 180 147 147 147 36 90 . 36 120 . 60 69 65 116 69 . . 80 80 80 . 30 60 80 . . 113 113 113 . Shots Fired 1582 | 20 154 30 . 1 140 102 32 117 188 3 30 124 1 30 . 7 104 . 124 113 24 97 62 . . 34 4 1 . 2 26 6 . . 1 4 1 . Gun 694 | 20 148 13 . . 29 . . . . . . 1 . . . . 35 . 110 100 24 97 57 . . 32 . . . 2 26 . . . . . . . Cannon 812 | . 6 15 . . 105 98 32 117 188 3 30 120 . 22 . . 67 . 3 . . . . . . . . . . . . . . . 1 4 1 . Launcher 76 | . . 2 . 1 6 4 . . . . . 3 1 8 . 7 2 . 11 13 . . 5 . . 2 4 1 . . . 6 . . . . . . Special . | . . . . . . . . . . . . . . . . . . . . . . . . . . . . . . . . . . . . . . . Kinetic 993 | 20 154 28 . . 116 48 . 39 64 1 15 59 . . . . 87 . 113 100 24 8 57 . . 32 . . . 2 26 . . . . . . . Thermal 436 | . . . . . . 6 32 64 124 2 15 61 . 22 . . 15 . . . . 89 . . . . . . . . . . . . 1 4 1 . Explosive 72 | . . 2 . 1 6 . . . . . . 3 1 8 . 7 2 . 11 13 . . 5 . . 2 4 1 . . . 6 . . . . . . Electromagnetic 81 | . . . . . 18 48 . 14 . . . 1 . . . . . . . . . . . . . . . . . . . . . . . . . . Robot Hit Streak 18 | 9 14 5 . 2 15 15 4 18 10 . 10 8 6 4 . 5 7 . 8 10 4 8 18 . . 5 . . . . 3 . . . . . . . Robot Miss Streak 7 | 5 3 3 . . 3 2 3 6 7 . 2 3 . 3 . . 3 . 4 3 3 4 3 . . 2 . . . . 2 . . . . . . . Penetration Max 2 | . . . . . . . . . . . . . . . . . 1 . 2 1 1 . 1 . . . . . . . 1 . . . . . . . Secondary Targets 2 | . 1 . . . 1 . . . . . . . . . . . . . . . . . . . . . . . . . . . . . . . . . Max Gunslinging Chain 1 | . 1 . . . 1 . . . . . . . . . . . . . . . . . . . . . . . . . . . . . . . . . Shots Hit Robots 918 | 12 107 28 . 1 86 69 11 65 87 . 24 66 1 10 . 2 44 . 45 72 13 59 40 . . 23 1 . 5 7 25 2 . 9 1 2 1 . Core Hits 501 | 4 44 6 . 3 48 27 7 24 32 1 6 33 4 10 . 2 24 . 39 53 7 27 37 . . 13 8 4 2 4 10 14 . 5 . 2 1 . Critical Kills 5 | . . . . . . . . . . . . . . . . . . . 1 . . . 3 . . . . . . . 1 . . . . . . . Critical Parts Destroyed 15 | . . 2 . . . . . . . . . . . . . . . . 2 7 . . 4 . . . . . . . . . . . . . . . Critical Strikes 50 | . 1 2 . . 4 4 . 1 2 . 1 4 . . . . 2 . 5 9 1 1 7 . . . . . 1 . 4 . . 1 . . . . Destroy 23 | . . 1 . . . . . . . . . . . . . . . . 5 7 1 1 7 . . . . . . . 1 . . . . . . . Blast 19 | . 1 . . . 4 4 . 1 2 . 1 4 . . . . 2 . . . . . . . . . . . . . . . . . . . . . Smash 3 | . . 1 . . . . . . . . . . . . . . . . . 2 . . . . . . . . . . . . . . . . . . Sever 1 | . . . . . . . . . . . . . . . . . . . . . . . . . . . . . . . . . . 1 . . . . Impale 4 | . . . . . . . . . . . . . . . . . . . . . . . . . . . . . 1 . 3 . . . . . . . Melee Attacks 253 | . 4 12 . . 7 . . . . . . . . . . . . . 6 4 . . . . . 32 3 1 5 8 58 14 3 24 14 17 5 36 Impact 33 | . 4 12 . . 7 . . . . . . . . . . . . . 6 4 . . . . . . . . . . . . . . . . . . Slashing 115 | . . . . . . . . . . . . . . . . . . . . . . . . . . . . . . . 2 14 3 24 14 17 5 36 Piercing 105 | . . . . . . . . . . . . . . . . . . . . . . . . . . 32 3 1 5 8 56 . . . . . . . Sneak Attacks 20 | . 3 1 . . . . . . . . . . . . . . . . 2 1 . . . . . 5 . . . . 1 . . 3 1 2 1 . Combat Hostiles 1 | . . 1 . . . . . . . . . . . . . . . . . . . . . . . . . . . . . . . . . . . . Follow-up Attacks . | . . . . . . . . . . . . . . . . . . . . . . . . . . . . . . . . . . . . . . . Damage Inflicted 37673 | 123 1430 670 . 217 3063 2164 391 2377 3285 20 863 2569 166 992 . 61 1977 . 2882 3504 532 1555 2348 . . 1491 611 334 354 490 1348 580 . 704 145 286 141 . Guns 9730 | 123 1167 66 . . 386 . . . . . . . . . . . 316 . 1515 2366 532 1525 1213 . . 317 . . . . 204 . . . . . . . Cannons 14661 | . 93 110 . . 1817 1795 391 2357 3261 . 863 2365 . 256 . . 1353 . . . . . . . . . . . . . . . . . . . . . Explosions 7841 | . . 122 . 215 860 369 . . . . . 173 166 736 . 61 308 . 1128 901 . . 1102 . . 339 556 334 . . . 471 . . . . . . Melee 5224 | . 167 363 . . . . . . . . . . . . . . . . 239 192 . . . . . 835 55 . 354 490 1144 109 . 704 145 286 141 . Ramming 217 | . 3 9 . 2 . . . 20 24 20 . 31 . . . . . . . 45 . 30 33 . . . . . . . . . . . . . . . Kinetic 15404 | 123 1260 176 . . 1747 892 . 694 1094 . 349 1263 . . . . 1470 . 1515 2366 532 189 1213 . . 317 . . . . 204 . . . . . . . Thermal 7651 | . . . . . 129 126 391 1431 2167 . 514 1102 . 256 . . 199 . . . . 1336 . . . . . . . . . . . . . . . . Explosive 6940 | . . 122 . 215 715 . . . . . . 173 166 736 . 61 308 . 1128 901 . . 715 . . 339 556 334 . . . 471 . . . . . . Electromagnetic 2237 | . . . . . 472 1146 . 232 . . . . . . . . . . . . . . 387 . . . . . . . . . . . . . . . Impact 961 | . 167 363 . . . . . . . . . . . . . . . . 239 192 . . . . . . . . . . . . . . . . . . Slashing 1385 | . . . . . . . . . . . . . . . . . . . . . . . . . . . . . . . . 109 . 704 145 286 141 . Piercing 2878 | . . . . . . . . . . . . . . . . . . . . . . . . . . 835 55 . 354 490 1144 . . . . . . . Highest Corruption 5 | . . . . . 1 1 1 1 5 . . 2 2 2 2 2 3 3 4 . . . 2 . . . . . . . 1 . . . . 5 . 1 Average Corruption 2 | . . . . . 1 1 1 1 4 . . 1 2 2 2 2 2 3 2 . . . 1 . . . . . . . 1 . . . . 5 . 1 Corruption Purged 8 | . . . . . . . . . . . . . . . . . . . 6 . . . . . . . . . . . 2 . . . . . . . Corruption Blocked . | . . . . . . . . . . . . . . . . . . . . . . . . . . . . . . . . . . . . . . . Effects 167 | . . . . . 10 12 6 11 53 . . 14 6 9 1 6 22 2 7 . . . 3 . . . . . . . 4 . . . . 1 . . Message Errors 37 | . . . . . 4 3 . 2 11 . . 3 2 3 . . 4 1 1 . . . 1 . . . . . . . 2 . . . . . . . Matter Fused 39 | . . . . . 2 4 1 3 13 . . 4 . . . 3 7 1 . . . . . . . . . . . . 1 . . . . . . . Heat Flow Errors 19 | . . . . . . 2 2 . 5 . . 3 1 . . 1 1 . 3 . . . . . . . . . . . 1 . . . . . . . Energy Discharges 17 | . . . . . 1 2 . 2 5 . . . 2 2 . . 1 . . . . . 1 . . . . . . . . . . . . 1 . . Parts Rejected 1 | . . . . . . . . 1 . . . . . . . . . . . . . . . . . . . . . . . . . . . . . . Parts Fused 2 | . . . . . . . 1 . . . . . . . . 1 . . . . . . . . . . . . . . . . . . . . . . Data Loss (minor) 30 | . . . . . 2 1 2 2 11 . . 2 1 2 1 . 4 . 2 . . . . . . . . . . . . . . . . . . . Data Loss (major) 5 | . . . . . . . . 1 2 . . 1 . . . . . . 1 . . . . . . . . . . . . . . . . . . . Misfires 11 | . . . . . 1 . . . 5 . . . . 2 . 1 2 . . . . . . . . . . . . . . . . . . . . . Alerts 4 | . . . . . . . . . . . . 1 . . . . 2 . . . . . 1 . . . . . . . . . . . . . . . Weapon Failures 2 | . . . . . . . . . 1 . . . . . . . 1 . . . . . . . . . . . . . . . . . . . . . Overload Shots . | . . . . . . . . . . . . . . . . . . . . . . . . . . . . . . . . . . . . . . . Overflow Damage 2227 | . 84 79 . 21 73 20 . 119 103 . 56 45 . 78 . . 190 . 62 199 . . 14 . . 424 61 5 136 149 151 . . 73 85 . . . Projectiles 542 | . . . . . 19 14 . 119 103 . 56 45 . 39 . . 147 . . . . . . . . . . . . . . . . . . . . . Explosions 265 | . . . . 21 54 6 . . . . . . . 39 . . 43 . . 7 . . 14 . . 15 61 5 . . . . . . . . . . Melee 1420 | . 84 79 . . . . . . . . . . . . . . . . 62 192 . . . . . 409 . . 136 149 151 . . 73 85 . . . Knockbacks 39 | . . 2 . . 10 6 . 5 3 . 2 4 . . . . 5 . 2 . . . . . . . . . . . . . . . . . . . Impact 2 | . . . . . . . . . . . . . . . . . . . 2 . . . . . . . . . . . . . . . . . . . Kinetic 36 | . . 2 . . 10 5 . 5 3 . 2 4 . . . . 5 . . . . . . . . . . . . . . . . . . . . . Secondary 1 | . . . . . . 1 . . . . . . . . . . . . . . . . . . . . . . . . . . . . . . . . Self-Inflicted Damage 567 | . . . . 31 152 . . . . . . 2 5 145 . 67 . . . 10 . . 155 . . . . . . . . . . . . . . . Shots 19 | . . . . 1 4 . . . . . . 1 1 3 . 2 . . . 1 . . 6 . . . . . . . . . . . . . . . Rammed 17 | . 2 1 . 1 1 . . 1 3 2 . 2 . . . . . . . . . 1 2 . . . . . . . . . . . . 1 . . Targets Rammed 23 | . 2 1 . 1 1 . . 1 3 2 . 4 . . . . . . . 3 . 2 2 . . . . . . . . . . . . 1 . . Kicked 3 | . . . . . . . . . . . . . . . . . . . . 3 . . . . . . . . . . . . . . . . . . Crushed 3 | . . . . . . . . . . . . 2 . . . . . . . . . 1 . . . . . . . . . . . . . . . . Highest Temperature 756 | . 34 112 . . 384 405 230 314 378 6 30 756 107 120 . 241 266 . 249 21 . 288 35 2 2 69 104 124 14 19 369 234 43 198 162 294 199 196 Average Temperature 73 | . 9 57 . . 113 142 37 85 62 4 10 197 62 39 . 128 68 . 68 6 . 85 15 2 2 9 18 49 6 4 63 60 14 50 68 59 119 99 Received Heat Transfer 3483 | . 255 333 . . 549 468 72 639 215 . . 250 . 27 . . 45 . 75 200 . . 222 . . 21 . 9 . . 39 . . 21 . 39 4 . Effects 46 | . . . . . 2 2 . . 1 . . 35 . . . . . . . . . . . . . . . . . . 3 3 . . . . . . Shutdowns 10 | . . . . . 1 1 . . 1 . . 6 . . . . . . . . . . . . . . . . . . 1 . . . . . . . Energy Bleed 5 | . . . . . 1 . . . . . . 2 . . . . . . . . . . . . . . . . . . 2 . . . . . . . Interference 9 | . . . . . . . . . . . . 6 . . . . . . . . . . . . . . . . . . . 3 . . . . . . Matter Decay 3 | . . . . . . . . . . . . 3 . . . . . . . . . . . . . . . . . . . . . . . . . . Short Circuit 3 | . . . . . . . . . . . . 3 . . . . . . . . . . . . . . . . . . . . . . . . . . Damage (minor) 4 | . . . . . . 1 . . . . . 3 . . . . . . . . . . . . . . . . . . . . . . . . . . Damage (major) 9 | . . . . . . . . . . . . 9 . . . . . . . . . . . . . . . . . . . . . . . . . . Damage (core) 3 | . . . . . . . . . . . . 3 . . . . . . . . . . . . . . . . . . . . . . . . . . Siege Activations 2 | . . . . . . . . . . . . . . . . . . . . . . . 2 . . . . . . . . . . . . . . . Total Turns 58 | . . . . . . . . . . . . . . . . . . . . . . . 58 . . . . . . . . . . . . . . . Longest Duration 39 | . . . . . . . . . . . . . . . . . . . . . . . 39 . . . . . . . . . . . . . . . Robots Corrupted 3 | . . . . . 1 2 . . . . . . . . . . . . . . . . . . . . . . . . . . . . . . . . Combat Hostiles 3 | . . . . . 1 2 . . . . . . . . . . . . . . . . . . . . . . . . . . . . . . . . Parts Fried 18 | . 3 . . . 1 2 . . . . . . . . . . . . 7 4 . . 1 . . . . . . . . . . . . . . . Impact Corruptions 10 | . 2 3 . . . . . . . . . . . . . . . . 3 2 . . . . . . . . . . . . . . . . . . Robots Melted . | . . . . . . . . . . . . . . . . . . . . . . . . . . . . . . . . . . . . . . . Combat Hostiles . | . . . . . . . . . . . . . . . . . . . . . . . . . . . . . . . . . . . . . . . Parts Melted 11 | . . . . . . . 3 1 3 . . 3 . . . . . . . . . 1 . . . . . . . . . . . . . . . . Heat Transferred 8697 | . . . . . 150 150 407 1406 2220 . 536 1147 . 259 . . 350 . . . . 2072 . . . . . . . . . . . . . . . . Parts Sabotaged 3 | . . . . . . . . . . . . . . . . . . . . . . . . . . . . . . . . 3 . . . . . . Parts Stolen . | . . . . . . . . . . . . . . . . . . . . . . . . . . . . . . . . . . . . . . . Parts Stripped . | . . . . . . . . . . . . . . . . . . . . . . . . . . . . . . . . . . . . . . . Power Chain Reactions 3 | . . . . . 1 2 . . . . . . . . . . . . . . . . . . . . . . . . . . . . . . . . Missiles Intercepted . | . . . . . . . . . . . . . . . . . . . . . . . . . . . . . . . . . . . . . . . Alert | -11 -10 -10 -10 -9 -8 -8 -8 -8 -8 -7 -7 -7 -7 -7 -7 -6 -6 -6 -6 -6 -6 -6 -6 -5 -5 -5 -5 -5 -5 -4 -4 -4 -4 -3 -3 -3 -2 -1 ------- Run | Jun Mat Min Exi Min Mat Gar Mat Gar Mat Fac Was Fac Low Low Dat Pro Fac Was Fac Ext Cet Arc Hub Fac Was Fac Upp Upp Zhi Pro Fac Arm Lab Res Qua Sec Res Acc Peak Influence 2611 | 10 296 155 . 259 274 863 479 907 553 284 29 472 . . . . 278 72 481 533 634 411 903 469 109 337 . . . . 541 640 . 289 1887 2611 1639 975 Initial 1476 | . 6 75 . . 22 163 413 109 442 251 29 2 . . . . 28 72 50 145 216 232 . 432 64 76 . . . . . 114 . . 15 1100 1476 878 Average 262 | 2 155 65 . 123 142 589 218 506 374 236 17 241 . . . . 183 72 248 235 439 134 316 426 83 166 . . . . 91 268 . 88 1689 1961 1477 935 Maximum Alert Level 5 | . 1 . . 1 1 3 2 3 2 1 . 2 . . . . 1 . 2 2 2 2 3 2 . 1 . . . . 2 2 . 1 5 5 5 3 Low Security (%) 51 | 100 75 100 . 90 73 1 51 5 8 13 100 41 . . . . 56 100 33 52 1 69 57 7 100 56 . . . . 93 40 . 91 . . . . Level 1 28 | . 24 . . 9 26 21 27 23 48 86 . 41 . . . . 43 . 50 16 41 29 10 . . 43 . . . . 4 39 . 8 . . . . Level 2 13 | . . . . . . 34 21 55 42 . . 16 . . . . . . 16 31 56 1 7 92 . . . . . . 1 19 . . . . . . Level 3 4 | . . . . . . 42 . 15 . . . . . . . . . . . . . . 24 . . . . . . . . . . . . . . 100 Level 4 . | . . . . . . . . . . . . . . . . . . . . . . . . . . . . . . . . . . . . . 90 . Level 5 . | . . . . . . . . . . . . . . . . . . . . . . . . . . . . . . . . . . . . . 9 . High Security . | . . . . . . . . . . . . . . . . . . . . . . . . . . . . . . . . . . . . . . . Max Security 1 | . . . . . . . . . . . . . . . . . . . . . . . . . . . . . . . . . . . 99 99 . . Squads Dispatched 149 | . 5 . . . 5 . 4 . 4 . . 27 . . . . 13 . 17 4 . . 7 . . 13 . . . . 8 3 . 9 12 13 4 1 Investigation 61 | . 4 . . . 2 . 3 . . . . 6 . . . . 8 . 12 2 . . . . . 8 . . . . 5 2 . 5 . . 3 1 Extermination 16 | . . . . . . . . . . . . 5 . . . . 3 . 2 . . . 1 . . 2 . . . . 3 . . . . . . . Reinforcement 38 | . 1 . . . 3 . 1 . 3 . . 7 . . . . 2 . 3 2 . . 6 . . 3 . . . . . 1 . 4 . 1 1 . Assault 24 | . . . . . . . . . . . . . . . . . . . . . . . . . . . . . . . . . . . 12 12 . . Garrison 10 | . . . . . . . . . 1 . . 9 . . . . . . . . . . . . . . . . . . . . . . . . . . Intercept . | . . . . . . . . . . . . . . . . . . . . . . . . . . . . . . . . . . . . . . . Searches Triggered 1 | . . . . . . . . . . . . 1 . . . . . . . . . . . . . . . . . . . . . . . . . . Data Miner Redirects 15 | . . . . . . . . . . . . . . . . . 3 . 6 1 . . . . . 2 . . . . 1 . . . . . 2 . Construction Impeded 3 | . . . . . . . . . . . . . . . . . . . 1 1 . . 1 . . . . . . . . . . . . . . . Haulers Reinforced 6 | . . . . . . . . . . . . 4 . . . . 1 . . . . . 1 . . . . . . . . . . . . . . . Active Scanning Responses . | . . . . . . . . . . . . . . . . . . . . . . . . . . . . . . . . . . . . . . . Cargo Convoy Interrupts 1 | . . . . . . . . . . . . . . . . . 1 . . . . . . . . . . . . . . . . . . . . . Stealth | -11 -10 -10 -10 -9 -8 -8 -8 -8 -8 -7 -7 -7 -7 -7 -7 -6 -6 -6 -6 -6 -6 -6 -6 -5 -5 -5 -5 -5 -5 -4 -4 -4 -4 -3 -3 -3 -2 -1 --------- Run | Jun Mat Min Exi Min Mat Gar Mat Gar Mat Fac Was Fac Low Low Dat Pro Fac Was Fac Ext Cet Arc Hub Fac Was Fac Upp Upp Zhi Pro Fac Arm Lab Res Qua Sec Res Acc Distress Signals 49 | . 1 . . . 2 . 3 . 2 . . 2 . . . . 3 . 3 2 2 . 2 . . . . . . . 11 2 . 6 2 4 2 . Communications Jammed 1 | . . . . . . . . . . . . . . . . . 1 . . . . . . . . . . . . . . . . . . . . . Distress Signals . | . . . . . . . . . . . . . . . . . . . . . . . . . . . . . . . . . . . . . . . Times Spotted 771 | . 25 7 . 3 39 22 20 30 41 2 . 48 4 5 . 5 39 . 51 33 14 64 29 2 5 25 6 8 . 1 65 32 . 20 28 83 11 4 Peak Tracking Total 45 | . 3 2 . 3 8 3 12 4 4 1 . 4 3 2 . 3 9 . 9 6 5 1 7 2 5 4 5 11 . 1 18 19 . 6 26 45 6 1 Tactical Retreats 108 | . . 3 . . 7 3 5 8 2 . . 7 . . . 1 13 . 12 2 . . 2 . . 5 . 1 . . 14 2 . 4 3 11 3 . Traps | -11 -10 -10 -10 -9 -8 -8 -8 -8 -8 -7 -7 -7 -7 -7 -7 -6 -6 -6 -6 -6 -6 -6 -6 -5 -5 -5 -5 -5 -5 -4 -4 -4 -4 -3 -3 -3 -2 -1 ------- Run | Jun Mat Min Exi Min Mat Gar Mat Gar Mat Fac Was Fac Low Low Dat Pro Fac Was Fac Ext Cet Arc Hub Fac Was Fac Upp Upp Zhi Pro Fac Arm Lab Res Qua Sec Res Acc Traps Triggered 46 | . . . . . . 5 1 6 3 1 . 3 . . . . 6 . 11 1 . . . 1 . 1 . . . . 2 . . 2 . . 3 . Indirectly . | . . . . . . . . . . . . . . . . . . . . . . . . . . . . . . . . . . . . . . . Trap Hack Attempts . | . . . . . . . . . . . . . . . . . . . . . . . . . . . . . . . . . . . . . . . Triggered . | . . . . . . . . . . . . . . . . . . . . . . . . . . . . . . . . . . . . . . . Disarmed . | . . . . . . . . . . . . . . . . . . . . . . . . . . . . . . . . . . . . . . . Reprogrammed 4 | . . . . . . . . . . . . . . . . . . . . . . . . . . 4 . . . . . . . . . . . . Reused 4 | . . . . . . . . . . . . . . . . . 2 . . . . . . . . 2 . . . . . . . . . . . . Traps Extracted 2 | . . . . . . . . . . . . . . 2 . . . . . . . . . . . . . . . . . . . . . . . . Installed 5 | . . . . . . . . . . . . . . . . . 5 . . . . . . . . . . . . . . . . . . . . . Triggered 5 | . . . . . . . . . . . . . 1 . . . 2 . . . . . . . . 2 . . . . . . . . . . . . Most Traps Carried 6 | . . . . . . . . . . . . . . 6 6 6 6 . . . . . . . . . . . . . . . . . . . . . Machines | -11 -10 -10 -10 -9 -8 -8 -8 -8 -8 -7 -7 -7 -7 -7 -7 -6 -6 -6 -6 -6 -6 -6 -6 -5 -5 -5 -5 -5 -5 -4 -4 -4 -4 -3 -3 -3 -2 -1 ---------- Run | Jun Mat Min Exi Min Mat Gar Mat Gar Mat Fac Was Fac Low Low Dat Pro Fac Was Fac Ext Cet Arc Hub Fac Was Fac Upp Upp Zhi Pro Fac Arm Lab Res Qua Sec Res Acc Machines Disabled 75 | . . . . . 3 1 . 1 3 . . 4 . . . . 5 . 13 6 . 4 18 . . 3 . . . . . 2 1 . 4 6 . 1 Max in Single Turn 10 | . . . . . 1 1 . 1 1 . . 1 . . . . 2 . 6 1 . 1 10 . . 1 . . . . . 1 1 . 1 1 . 1 Garrison Access 14 | . . . . . . . . . 1 . . 2 . . . . 1 . 3 . . . . 1 . 4 . . . . 2 . . . . . . . Network Hub 3 | . . . . . . . . . . . . . . . . . . . . . . . 3 . . . . . . . . . . . . . . . Machines Repaired . | . . . . . . . . . . . . . . . . . . . . . . . . . . . . . . . . . . . . . . . Machines Sabotaged . | . . . . . . . . . . . . . . . . . . . . . . . . . . . . . . . . . . . . . . . Overloaded Fab Kills . | . . . . . . . . . . . . . . . . . . . . . . . . . . . . . . . . . . . . . . . Hacking | -11 -10 -10 -10 -9 -8 -8 -8 -8 -8 -7 -7 -7 -7 -7 -7 -6 -6 -6 -6 -6 -6 -6 -6 -5 -5 -5 -5 -5 -5 -4 -4 -4 -4 -3 -3 -3 -2 -1 --------- Run | Jun Mat Min Exi Min Mat Gar Mat Gar Mat Fac Was Fac Low Low Dat Pro Fac Was Fac Ext Cet Arc Hub Fac Was Fac Upp Upp Zhi Pro Fac Arm Lab Res Qua Sec Res Acc Machines Accessed 256 | . 9 . 3 . 7 3 11 2 12 5 . 32 2 1 4 . 22 . 34 8 . . 4 3 . 34 . . 4 . 23 8 1 13 . . 8 3 Terminals 142 | . 7 . . . 5 3 9 2 8 1 . 18 1 1 . . 10 . 17 8 . . 4 2 . 16 . . . . 9 5 . 8 . . 5 3 Fabricators 33 | . . . . . . . . . . 3 . 5 . . . . 5 . 5 . . . . . . 6 . . . . 5 2 . 1 . . 1 . Repair Stations 20 | . . . . . 1 . . . 1 1 . 3 . . . . 2 . 4 . . . . . . 3 . . . . 2 . . 3 . . . . Recycling Units 17 | . 2 . . . . . . . . . . 2 . . . . 2 . 3 . . . . . . 3 . . . . 3 1 . . . . 1 . Scanalyzers 14 | . . . . . . . 1 . 2 . . 1 . . . . 2 . 2 . . . . . . 2 . . . . 2 . . 1 . . 1 . Garrison Access 17 | . . . . . 1 . 1 . 1 . . 3 . . . . 1 . 3 . . . . 1 . 4 . . . . 2 . . . . . . . Total Hacks 883 | . 24 . 3 . 25 6 37 6 40 11 . 92 2 1 29 . 62 . 101 21 . . 7 18 . 145 . . 17 . 96 40 1 59 . . 29 11 Successful 558 | . 8 . 3 . 11 2 19 3 21 5 . 44 2 1 29 . 39 . 67 5 . . 5 9 . 114 . . 17 . 75 26 1 34 . . 14 4 Failed 324 | . 16 . . . 13 4 18 3 19 6 . 48 . . . . 23 . 34 16 . . 2 9 . 31 . . . . 21 14 . 25 . . 15 7 Catastrophic 55 | . 5 . . . . 2 2 . 4 2 . 7 . . . . 1 . 9 1 . . 1 2 . 2 . . . . 4 4 . 7 . . 1 1 Database Lockouts 1 | . . . . . 1 . . . . . . . . . . . . . . . . . . . . . . . . . . . . . . . . . Manual 350 | . 21 . 1 . 12 . 15 3 13 2 . 26 . . . . 16 . 42 15 1 . 6 10 . 64 . . . . 36 28 . 23 . . 14 2 Terminals 476 | . 22 . . . 19 6 28 6 21 1 . 47 1 1 . . 32 . 48 21 . . 7 15 . 67 . . . . 37 29 . 34 . . 23 11 Fabricators 115 | . . . . . . . . . . 7 . 18 . . . . 16 . 12 . . . . . . 26 . . . . 23 7 . 3 . . 3 . Repair Stations 114 | . . . . . 4 . . . 10 3 . 16 . . . . 4 . 19 . . . . . . 23 . . . . 17 . . 18 . . . . Recycling Units 43 | . 2 . . . . . . . . . . 4 . . . . 2 . 9 . . . . . . 9 . . . . 12 4 . . . . 1 . Scanalyzers 56 | . . . . . . . 8 . 7 . . 2 . . . . 7 . 6 . . . . . . 16 . . . . 4 . . 4 . . 2 . Garrison Access 28 | . . . . . 2 . 1 . 2 . . 5 . . . . 1 . 7 . . . . 3 . 4 . . . . 3 . . . . . . . Terminal Hacks 222 | . 4 . 3 . 5 2 8 2 7 . . 17 2 1 29 . 9 . 17 4 . . 3 6 . 32 . . 17 . 20 13 1 12 . . 5 3 Record 26 | . . . 2 . . . . . 1 . . 1 1 1 11 . . . . . . . . . . . . . 5 . . 1 1 . . . 1 1 Part Schematic 27 | . . . . . . . . . . . . 1 . . 9 . . . 2 . . . . 1 . 3 . . 4 . 2 . . 5 . . . . Robot Schematic 6 | . . . . . . . . . . . . . . . 6 . . . . . . . . . . . . . . . . . . . . . . . Robot Analysis 14 | . 2 . . . 1 . 1 . . . . 1 . . . . . . 1 . . . . . . 4 . . 4 . . . . . . . . . Prototype ID Bank 21 | . 2 . . . 1 . 1 . . . . 4 . . 3 . 2 . . . . . . . . 4 . . 4 . . . . . . . . . Open Door 6 | . . . . . . 1 . . . . . . 1 . . . . . 1 1 . . . . . . . . . . . 1 . . . . . 1 Level Access Points 1 | . . . . . . . . . . . . . . . . . . . . . . . . . . 1 . . . . . . . . . . . . Branch Access Points 6 | . . . . . . . . . . . . 1 . . . . 1 . 1 . . . . . . 1 . . . . 1 . . . . . 1 . Emergency Access Points 2 | . . . . . . 1 . 1 . . . . . . . . . . . . . . . . . . . . . . . . . . . . . . Machine Index 7 | . . . . . . . 1 . . . . . . . . . . . 1 . . . . 1 . 1 . . . . 1 . . 1 . . 1 . Terminal Index 3 | . . . . . 1 . . . . . . 1 . . . . . . . . . . . . . . . . . . . 1 . . . . . . Alert Level 17 | . . . . . . . 1 . 2 . . 1 . . . . 1 . 1 . . . 1 1 . 3 . . . . 2 1 . 3 . . . . Unreport Threat 37 | . . . . . 2 . 4 . 2 . . 2 . . . . 3 . 4 3 . . 2 2 . 3 . . . . 3 3 . 2 . . 2 . Locate Traps 7 | . . . . . . . . . 1 . . 1 . . . . . . . . . . . . . 1 . . . . 1 3 . . . . . . Reprogram Traps 1 | . . . . . . . . . . . . . . . . . . . . . . . . . . 1 . . . . . . . . . . . . Security Status 1 | . . . . . . . . . . . . . . . . . . . . . . . . . . . . . . . 1 . . . . . . . Patrol Status 9 | . . . . . . . . . . . . 1 . . . . . . 2 . . . . 1 . 1 . . . . 1 1 . 1 . . . 1 Transport Status 2 | . . . . . . . . . . . . 2 . . . . . . . . . . . . . . . . . . . . . . . . . . Recall Investigation 14 | . . . . . . . . . . . . . . . . . 2 . 3 . . . . . . 4 . . . . 4 1 . . . . . . Recall Extermination 4 | . . . . . . . . . . . . . . . . . . . 1 . . . . . . 1 . . . . 2 . . . . . . . Recall Reinforcements 3 | . . . . . . . . . 1 . . . . . . . . . . . . . . . . 2 . . . . . . . . . . . . Hauler Manifests 3 | . . . . . . . . . . . . 1 . . . . . . . . . . . . . 1 . . . . 1 . . . . . . . Registered Prototypes 1 | . . . . . . . . . . . . . . . . . . . . . . . . . . . . . . . 1 . . . . . . . Zone Layout 2 | . . . . . . . . . . . . . . . . . . . . . . . . . . 1 . . . . . 1 . . . . . . Garrison Registry 1 | . . . . . . . . 1 . . . . . . . . . . . . . . . . . . . . . . . . . . . . . . EX-Prototype ID Bank 1 | . . . 1 . . . . . . . . . . . . . . . . . . . . . . . . . . . . . . . . . . . Fabricator Hacks 59 | . . . . . . . . . . 2 . 4 . . . . 12 . 11 . . . . . . 12 . . . . 10 4 . 2 . . 2 . Network Status 4 | . . . . . . . . . . 1 . 1 . . . . 1 . 1 . . . . . . . . . . . . . . . . . . . Load Schematic 27 | . . . . . . . . . . . . 1 . . . . 6 . 5 . . . . . . 6 . . . . 5 2 . 1 . . 1 . Build 28 | . . . . . . . . . . 1 . 2 . . . . 5 . 5 . . . . . . 6 . . . . 5 2 . 1 . . 1 . Repair Station Hacks 94 | . . . . . 3 . . . 8 2 . 12 . . . . 4 . 15 . . . . . . 20 . . . . 16 . . 14 . . . . Scan Component 49 | . . . . . 2 . . . 5 1 . 6 . . . . 2 . 8 . . . . . . 10 . . . . 8 . . 7 . . . . Repair 45 | . . . . . 1 . . . 3 1 . 6 . . . . 2 . 7 . . . . . . 10 . . . . 8 . . 7 . . . . Recycling Unit Hacks 20 | . . . . . . . . . . . . 2 . . . . 2 . 4 . . . . . . 6 . . . . 4 1 . . . . 1 . Process 3 | . . . . . . . . . . . . . . . . . . . 1 . . . . . . 2 . . . . . . . . . . . . Report Inventory 1 | . . . . . . . . . . . . . . . . . . . . . . . . . . 1 . . . . . . . . . . . . Retrieve Matter 3 | . . . . . . . . . . . . . . . . . . . 1 . . . . . . 2 . . . . . . . . . . . . Retrieve Components 13 | . . . . . . . . . . . . 2 . . . . 2 . 2 . . . . . . 1 . . . . 4 1 . . . . 1 . Scanalyzer 50 | . . . . . . . 8 . 3 . . 2 . . . . 7 . 6 . . . . . . 16 . . . . 4 . . 2 . . 2 . Insert Component 23 | . . . . . . . 3 . 1 . . 1 . . . . 3 . 3 . . . . . . 8 . . . . 2 . . 1 . . 1 . Analyze 27 | . . . . . . . 5 . 2 . . 1 . . . . 4 . 3 . . . . . . 8 . . . . 2 . . 1 . . 1 . Garrison Access Hacks 16 | . . . . . 1 . 1 . 1 . . 2 . . . . 1 . 3 . . . . 1 . 4 . . . . 2 . . . . . . . Unlock Access 2 | . . . . . 1 . 1 . . . . . . . . . . . . . . . . . . . . . . . . . . . . . . . Seal Access 14 | . . . . . . . . . 1 . . 2 . . . . 1 . 3 . . . . 1 . 4 . . . . 2 . . . . . . . Unauthorized Hacks 97 | . 4 . . . 2 . 2 1 2 1 . 5 . . . . 4 . 11 1 . . 2 2 . 24 . . . . 19 8 . 4 . . 4 1 Terminals 52 | . 2 . . . 2 . 2 1 2 . . 3 . . . . 4 . 6 1 . . 2 2 . 9 . . . . 5 3 . 4 . . 3 1 Assimilate 16 | . 1 . . . 1 . . . . . . 1 . . . . 2 . 3 . . . . . . 3 . . . . 3 . . 1 . . 1 . Botnet 31 | . . . . . 1 . 2 . 2 . . 2 . . . . 2 . 3 1 . . 2 1 . 6 . . . . 2 2 . 2 . . 2 1 Operators 4 | . 1 . . . . . . . . . . . . . . . . . . . . . . 1 . . . . . . . 1 . 1 . . . . Override 1 | . . . . . . . . 1 . . . . . . . . . . . . . . . . . . . . . . . . . . . . . . Fabricators 30 | . . . . . . . . . . 1 . 2 . . . . . . 1 . . . . . . 13 . . . . 10 2 . . . . 1 . Report 1 | . . . . . . . . . . . . . . . . . . . . . . . . . . 1 . . . . . . . . . . . . Prioritize 15 | . . . . . . . . . . . . 1 . . . . . . 1 . . . . . . 6 . . . . 5 1 . . . . 1 . Liberate 13 | . . . . . . . . . . 1 . . . . . . . . . . . . . . . 6 . . . . 5 1 . . . . . . Recompile 1 | . . . . . . . . . . . . 1 . . . . . . . . . . . . . . . . . . . . . . . . . . Repair Stations . | . . . . . . . . . . . . . . . . . . . . . . . . . . . . . . . . . . . . . . . Recycling Units 15 | . 2 . . . . . . . . . . . . . . . . . 4 . . . . . . 2 . . . . 4 3 . . . . . . Monitor 2 | . . . . . . . . . . . . . . . . . . . 1 . . . . . . . . . . . 1 . . . . . . . Reject 6 | . . . . . . . . . . . . . . . . . . . 2 . . . . . . 1 . . . . 2 1 . . . . . . Recyclers 4 | . . . . . . . . . . . . . . . . . . . 1 . . . . . . 1 . . . . 1 1 . . . . . . Mask 1 | . . . . . . . . . . . . . . . . . . . . . . . . . . . . . . . . 1 . . . . . . Tunnel 2 | . 2 . . . . . . . . . . . . . . . . . . . . . . . . . . . . . . . . . . . . . Scanalyzers . | . . . . . . . . . . . . . . . . . . . . . . . . . . . . . . . . . . . . . . . Garrison Access . | . . . . . . . . . . . . . . . . . . . . . . . . . . . . . . . . . . . . . . . Data Cores Recovered 2 | . . . . . . . 1 . . . . 1 . . . . . . . . . . . . . . . . . . . . . . . . . . Used 1 | . . . . . . . 1 . . . . . . . . . . . . . . . . . . . . . . . . . . . . . . . Hacking Detections 184 | . 7 . . . 6 3 10 2 11 5 . 22 1 1 . . 17 . 26 6 . . 3 2 . 18 . . . . 16 8 . 12 . . 6 2 Full Trace Events 58 | . 2 . . . 3 2 2 . 3 . . 5 . . . . 7 . 12 1 . . . . . 7 . . . . 5 2 . 3 . . 3 1 Feedback Events 6 | . . . . . . 1 . . . . . . . . . . . . 2 1 . . . . . . . . . . . . . . . . 1 1 Corruption 2 | . . . . . . . . . . . . . . . . . . . 1 . . . . . . . . . . . . . . . . . . 1 Hackware Fried 4 | . . . . . . 1 . . . . . . . . . . . . 1 1 . . . . . . . . . . . . . . . . 1 . Feedback Blocked 1 | . . . . . . . . . . . . . . . . . . . . . . . . . . 1 . . . . . . . . . . . . Robot Schematics Acquired 7 | . . . . . . . . . . . . . . . 6 . . . . . . . . . . . . . . . . . . . . 1 . . Robots Built 3 | . . . . . . . . . . 3 . . . . . . . . . . . . . . . . . . . . . . . . . . . . Authchips . | . . . . . . . . . . . . . . . . . . . . . . . . . . . . . . . . . . . . . . . Time 49 | . . . . . . . . . . 49 . . . . . . . . . . . . . . . . . . . . . . . . . . . . Total Robot Build Rating 6 | . . . . . . . . . . 6 . . . . . . . . . . . . . . . . . . . . . . . . . . . . Part Schematics Acquired 52 | . . . . . . . 3 . 1 . . 2 . . 9 . 2 . 5 . . . . 1 . 10 . . 4 . 3 . . 5 3 3 1 . Parts Built 28 | . . . . . . . . . . . . 3 . . . . 5 . 5 . . . . . . 7 . . . . 4 2 . 1 . . 1 . Authchips 1 | . . . . . . . . . . . . . . . . . 1 . . . . . . . . . . . . . . . . . . . . . Time 1605 | . . . . . . . . . . . . 112 . . . . 382 . 287 . . . . . . 354 . . . . 310 73 . 56 . . 31 . Total Part Build Rating 154 | . . . . . . . . . . . . 11 . . . . 21 . 25 . . . . . . 45 . . . . 28 11 . 6 . . 7 . Parts Repaired 45 | . . . . . 1 . . . 3 1 . 6 . . . . 2 . 7 . . . . . . 10 . . . . 8 . . 7 . . . . Time 2209 | . . . . . 53 . . . 168 78 . 325 . . . . 140 . 437 . . . . . . 337 . . . . 503 . . 168 . . . . Parts Recycled . | . . . . . . . . . . . . . . . . . . . . . . . . . . . . . . . . . . . . . . . Recycled Matter 23 | . . . . . . . . . . . . . . . . . . . . . . . . . . 23 . . . . . . . . . . . . Retrieved Matter 23 | . . . . . . . . . . . . . . . . . . . . . . . . . . 23 . . . . . . . . . . . . Retrieved Components 24 | . . . . . . . . . . . . 10 . . . . 4 . 2 . . . . . . 3 . . . . 4 . . . . . 1 . Parts Scanalyzed 20 | . . . . . . . 3 . 1 . . 1 . . . . 2 . 3 . . . . . . 7 . . . . 1 . . 1 . . 1 . Part Schematics Acquired 19 | . . . . . . . 3 . 1 . . 1 . . . . 2 . 3 . . . . . . 7 . . . . 1 . . . . . 1 . Parts Damaged 3 | . . . . . . . . . . . . 1 . . . . . . 1 . . . . . . . . . . . . . . . . . 1 . Bothacking | -11 -10 -10 -10 -9 -8 -8 -8 -8 -8 -7 -7 -7 -7 -7 -7 -6 -6 -6 -6 -6 -6 -6 -6 -5 -5 -5 -5 -5 -5 -4 -4 -4 -4 -3 -3 -3 -2 -1 ------------ Run | Jun Mat Min Exi Min Mat Gar Mat Gar Mat Fac Was Fac Low Low Dat Pro Fac Was Fac Ext Cet Arc Hub Fac Was Fac Upp Upp Zhi Pro Fac Arm Lab Res Qua Sec Res Acc Used RIF Installer . | . . . . . . . . . . . . . . . . . . . . . . . . . . . . . . . . . . . . . . . Robots Hacked . | . . . . . . . . . . . . . . . . . . . . . . . . . . . . . . . . . . . . . . . Non-combat . | . . . . . . . . . . . . . . . . . . . . . . . . . . . . . . . . . . . . . . . Combat . | . . . . . . . . . . . . . . . . . . . . . . . . . . . . . . . . . . . . . . . Robot Hacks Applied . | . . . . . . . . . . . . . . . . . . . . . . . . . . . . . . . . . . . . . . . Relay Couplers Released 5 | . . . . . . . . 3 2 . . . . . . . . . . . . . . . . . . . . . . . . . . . . . Machine Destruction 2 | . . . . . . . . . 2 . . . . . . . . . . . . . . . . . . . . . . . . . . . . . Programmers 3 | . . . . . . . . 3 . . . . . . . . . . . . . . . . . . . . . . . . . . . . . . Fabnet Peak Effective % . | . . . . . . . . . . . . . . . . . . . . . . . . . . . . . . . . . . . . . . . Robots Rewired 22 | . . . . . . . . . . . . . . . . . . . . 18 . . . . . . . . . . . 4 . . . . . . Allies Hacked . | . . . . . . . . . . . . . . . . . . . . . . . . . . . . . . . . . . . . . . . Hacks Repelled . | . . . . . . . . . . . . . . . . . . . . . . . . . . . . . . . . . . . . . . . Allies | -11 -10 -10 -10 -9 -8 -8 -8 -8 -8 -7 -7 -7 -7 -7 -7 -6 -6 -6 -6 -6 -6 -6 -6 -5 -5 -5 -5 -5 -5 -4 -4 -4 -4 -3 -3 -3 -2 -1 -------- Run | Jun Mat Min Exi Min Mat Gar Mat Gar Mat Fac Was Fac Low Low Dat Pro Fac Was Fac Ext Cet Arc Hub Fac Was Fac Upp Upp Zhi Pro Fac Arm Lab Res Qua Sec Res Acc Total Allies 80 | . . 3 . 2 1 2 . . . 3 21 . . . . 1 2 . 3 26 5 . . . . 2 . . . . 4 4 . . . . 1 . Largest Group 23 | . . 3 3 4 5 2 . . . 3 23 22 . . . 1 . . 1 15 15 6 5 . . 1 . . . . 2 4 . . . . 1 . Highest-Rated Group 625 | . . 40 40 66 75 40 . . . 30 519 484 . . . 96 . . 26 562 625 448 418 . . 26 . . . . 98 224 . . . . 26 . Highest-Rated Ally 159 | . . 16 16 31 31 20 . . . 10 35 31 . . . 96 . . 26 159 152 96 96 . . 26 . . . . 49 56 . . . . 26 . Total Orders 18 | . . . . . . . . . . . . . . . . . . . . . . . 8 . . 1 1 2 . 3 1 2 . . . . . . STAY 4 | . . . . . . . . . . . . . . . . . . . . . . . 1 . . 1 . . . . 1 1 . . . . . . FOLLOW 1 | . . . . . . . . . . . . . . . . . . . . . . . . . . . . . . . . 1 . . . . . . EXPLORE 5 | . . . . . . . . . . . . . . . . . . . . . . . . . . . 1 1 . 3 . . . . . . . . RETURN 8 | . . . . . . . . . . . . . . . . . . . . . . . 7 . . . . 1 . . . . . . . . . . Ally Attacks 587 | . . 13 . 14 20 7 . . . . . 124 . . . 9 . . . 107 118 16 114 . . . . . . . 10 35 . . . . . . Total Damage 13494 | . . 128 . 191 199 293 . . . . . 1732 . . . 358 . . . 3015 2581 556 2741 . . . . . . . 468 1232 . . . . . . Kills 102 | . . 2 . 7 1 1 . . . . . 17 . . . . . . . 18 22 5 20 . . . . . . . 3 6 . . . . . . Allies Corrupted . | . . . . . . . . . . . . . . . . . . . . . . . . . . . . . . . . . . . . . . . Allies Melted 1 | . . . . . . . . . . . . . . . . . . . . . . . . . . . . . . . 1 . . . . . . . Intel | -11 -10 -10 -10 -9 -8 -8 -8 -8 -8 -7 -7 -7 -7 -7 -7 -6 -6 -6 -6 -6 -6 -6 -6 -5 -5 -5 -5 -5 -5 -4 -4 -4 -4 -3 -3 -3 -2 -1 ------- Run | Jun Mat Min Exi Min Mat Gar Mat Gar Mat Fac Was Fac Low Low Dat Pro Fac Was Fac Ext Cet Arc Hub Fac Was Fac Upp Upp Zhi Pro Fac Arm Lab Res Qua Sec Res Acc Robot Analysis Total 13 | . 2 . . . 1 . 1 . . . . 1 . . . . . . 1 . . . . . . 3 . . 4 . . . . . . . . . Derelict Logs Recovered 9 | . . 2 . 1 . . . . . . . . 2 . . 2 . . . . . . . . . . 1 . . 1 . . . . . . . . Drone Launches 17 | . . . . . . . . . . . . . . . . . . . . . . . 12 . . . 1 1 . 3 . . . . . . . . Drone Recoveries 14 | . . . . . . . . . . . . . . . . . . . . . . . 12 . . . . 1 . 1 . . . . . . . . Exploration | -11 -10 -10 -10 -9 -8 -8 -8 -8 -8 -7 -7 -7 -7 -7 -7 -6 -6 -6 -6 -6 -6 -6 -6 -5 -5 -5 -5 -5 -5 -4 -4 -4 -4 -3 -3 -3 -2 -1 ------------- Run | Jun Mat Min Exi Min Mat Gar Mat Gar Mat Fac Was Fac Low Low Dat Pro Fac Was Fac Ext Cet Arc Hub Fac Was Fac Upp Upp Zhi Pro Fac Arm Lab Res Qua Sec Res Acc Turns Passed 37164 | 132 1590 1111 519 712 1845 1799 544 1383 2396 464 688 3458 464 738 43 311 1876 83 2420 2241 455 2611 943 57 22 2211 228 146 62 243 2239 323 336 1574 213 270 226 188 Spaces Moved 44195 | 62 811 638 324 432 904 1083 771 761 1125 236 399 3659 674 987 85 564 3923 265 4476 1369 213 548 473 166 91 5854 746 554 165 707 4857 667 306 1989 666 1009 1108 528 Core 61 | 13 . . . . . . . 1 . . . . . . . . 4 . 22 3 . . . . . . . . . . 15 1 . . . 1 1 . Treads 8015 | 49 811 638 324 432 904 665 . 500 845 236 399 836 . . . . . . . 142 213 548 473 . . . . . . . . . . . . . . . Legs 491 | . . . . . . . . . . . . . . . . . . . . 491 . . . . . . . . . . . . . . . . . . Wheels 280 | . . . . . . . . . 280 . . . . . . . . . . . . . . . . . . . . . . . . . . . . . Hover . | . . . . . . . . . . . . . . . . . . . . . . . . . . . . . . . . . . . . . . . Flight 35348 | . . . . . . 418 771 260 . . . 2823 674 987 85 564 3919 265 4454 733 . . . 166 91 5854 746 554 165 707 4842 666 306 1989 666 1008 1107 528 Fastest Speed 5 | 50 160 160 160 160 160 50 50 50 157 157 157 50 50 50 50 50 18 23 5 20 160 160 160 23 23 5 5 5 23 23 5 5 20 20 5 6 7 14 Average Speed 54 | 150 160 160 160 160 161 131 50 143 163 157 157 74 50 50 50 50 32 23 23 76 160 160 160 23 23 22 22 22 23 23 21 20 20 20 19 19 14 14 Slowest Speed 1000 | 200 160 160 160 160 163 245 50 750 245 157 158 158 50 50 50 50 450 23 150 1000 160 160 160 23 23 26 23 23 23 23 150 100 20 20 20 100 150 14 Overloaded Moves 264 | . . . . . . . . . . . . . . . . . 17 . 37 2 . . . . . 5 7 9 . . 54 21 . . 37 69 6 . Propulsion Burnouts . | . . . . . . . . . . . . . . . . . . . . . . . . . . . . . . . . . . . . . . . Robots Hopped 389 | . . . . . . . 9 . . . . 40 1 5 . 1 59 1 62 4 . . . 3 . 53 2 3 . 1 75 2 . 44 . 15 9 . Cave-ins Triggered . | . . . . . . . . . . . . . . . . . . . . . . . . . . . . . . . . . . . . . . . Teleports 1 | . . . . . . . . . . . . . . . . . . . . . . . . . . . . . . . . 1 . . . . . . Exploration Rate (%) 68 | 5 96 97 71 88 66 77 70 71 88 10 90 89 75 93 71 79 53 96 82 86 56 96 47 6 75 75 80 75 62 91 75 42 94 55 83 67 30 15 Regions Visited 38 Branch Regions 19 Pre-discovered Areas 11 | . 2 2 1 1 . . . . . . . . 1 . 1 . . . . . . . . . . . . . 3 . . . . . . . . . Known Exits Taken 9 | . 1 . . . 1 . 1 . . . . 1 . . . . . . 1 . . . 1 . . 1 . . . 1 1 . . . . . . . Unknown Exits Taken 21 | 1 . 1 1 1 . . . . 1 . . . 1 1 1 1 . . . 1 1 1 . . . . 1 1 1 . . 1 1 1 1 1 1 . Scrap Searched 19 | . . 1 . 2 . . . . . . . . 4 5 . 2 . . . . . . . . . . 1 4 . . . . . . . . . . Spaces Dug 713 | . 1 . . . 11 . 13 1 28 3 . 8 . 5 . 54 39 . 75 2 . . 337 . . 34 1 1 . 4 56 4 . 8 6 13 5 4 Terrain Destroyed 1611 | . 1 22 . 11 95 10 19 15 88 3 4 62 9 61 . 81 79 . 210 145 18 7 392 . . 77 37 15 . 4 56 54 . 8 6 13 5 4 Melee 80 | . 1 . . . 1 . . . . . . . . . . . . . 2 . . . . . . 12 1 1 . 1 27 4 . 8 5 9 4 4 Projectile 533 | . . . . . 31 . 19 15 88 3 4 35 . 15 . . 59 . 100 45 18 7 29 . . 27 . . . 3 29 . . . 1 4 1 . AOE 998 | . . 22 . 11 63 10 . . . . . 27 9 46 . 81 20 . 108 100 . . 363 . . 38 36 14 . . . 50 . . . . . . Terrain Rammed . | . . . . . . . . . . . . . . . . . . . . . . . . . . . . . . . . . . . . . . . Walls Destroyed . | . . . . . . . . . . . . . . . . . . . . . . . . . . . . . . . . . . . . . . . Machines Disabled . | . . . . . . . . . . . . . . . . . . . . . . . . . . . . . . . . . . . . . . . Actions | -11 -10 -10 -10 -9 -8 -8 -8 -8 -8 -7 -7 -7 -7 -7 -7 -6 -6 -6 -6 -6 -6 -6 -6 -5 -5 -5 -5 -5 -5 -4 -4 -4 -4 -3 -3 -3 -2 -1 --------- Run | Jun Mat Min Exi Min Mat Gar Mat Gar Mat Fac Was Fac Low Low Dat Pro Fac Was Fac Ext Cet Arc Hub Fac Was Fac Upp Upp Zhi Pro Fac Arm Lab Res Qua Sec Res Acc Total 54763 | 80 950 678 325 451 1138 1357 887 934 1499 326 433 4227 796 1194 85 584 4376 285 5627 2429 309 2206 596 184 91 6582 788 565 179 770 5846 818 575 3081 728 1038 1159 587 Wait 8367 | . 26 8 . 9 87 140 89 16 226 83 5 420 120 173 . 14 306 16 971 810 63 1544 74 . . 644 32 8 . 50 937 91 246 1072 30 4 39 14 Move 43411 | 61 810 637 323 431 903 1080 752 757 1124 236 398 3580 671 976 84 561 3808 262 4356 1361 212 547 472 160 90 5749 742 547 164 704 4718 662 305 1906 665 980 1090 527 Hop 354 | . . . . . . . 9 . . . . 38 1 5 . 1 56 1 57 3 . . . 3 . 51 1 3 . 1 63 2 . 38 . 13 8 . Pick Up 181 | 3 6 1 2 1 11 2 4 4 8 1 . 20 . 2 . . 24 2 12 2 5 5 2 . 1 22 . . 1 . 10 4 4 8 3 5 4 2 Fast Attach 154 | 6 4 1 . 1 10 3 . 5 12 . 3 15 . . . . 10 1 15 11 4 4 4 . . 9 . . 4 . 7 2 8 8 . 2 1 4 Attach 116 | . 2 1 . . 6 5 . 6 1 2 1 12 . 1 . 1 18 1 5 9 . 2 1 10 . 2 . . . . 7 5 1 3 4 5 5 . Detach 87 | . 4 . . 1 3 4 . 3 1 . 5 16 . . . . 9 . 1 15 6 2 . 2 . 2 . . . . 4 1 1 2 2 . 1 2 Swap 219 | . 7 2 . 3 10 5 1 7 12 . 1 14 3 8 . 1 27 . 18 10 . . 1 3 . 22 6 5 1 4 14 11 . 9 6 5 3 . Drop 218 | . 8 . . 3 19 6 . 6 20 . 3 25 . 1 1 . 26 2 14 2 7 8 3 6 . 21 . . 4 1 6 3 7 7 3 2 2 2 Fire 1025 | 10 77 15 . 1 81 58 32 82 92 2 15 77 1 28 . 6 87 . 85 66 12 92 37 . . 28 4 1 . 2 22 6 . . 1 4 1 . Melee 253 | . 4 12 . . 7 . . . . . . . . . . . . . 6 4 . . . . . 32 3 1 5 8 58 14 3 24 14 17 5 36 Ram 2 | . . . . . . . . . . . . 1 . . . . . . . . . . . . . . . . . . . . . . . 1 . . Kick 3 | . . . . . . . . . . . . . . . . . . . . 3 . . . . . . . . . . . . . . . . . . Crush 18 | . 2 1 . 1 1 . . 1 3 2 . 3 . . . . . . . . . 2 2 . . . . . . . . . . . . . . . Escape Stasis 216 | . . . . . . 54 . 47 . . . 6 . . . . . . 87 18 . . . . . . . . . . . . . 4 . . . . Rewire 134 | . . . . . . . . . . . 2 . . . . . . . . 115 . . . . . . . . . . . 17 . . . . . . Trap 5 | . . . . . . . . . . . . . . . . . 5 . . . . . . . . . . . . . . . . . . . . . Miscellaneous . | . . . . . . . . . . . . . . . . . . . . . . . . . . . . . . . . . . . . . . . Route ------- -11/Junkyard -10/Materials (discovered 4 exits: [*Mat x3] / *Min) -10/Mines (discovered 3 exits: [*Mat x2] / *Exi) -10/Exiles -9/Mines (discovered 2 exits: *Mat x2) -8/Materials (discovered 3 exits: *Fac / *Sto / Gar) -8/Garrison (discovered 3 exits: *Mat x3) -8/Materials (discovered 4 exits: *Fac x2 / *Sto / Gar) -8/Garrison (discovered 3 exits: *Mat x3) -8/Materials (discovered 4 exits: *Fac x2 / *Sto x2) -7/Factory -7/Waste -7/Factory (discovered 6 exits: *Fac x4 / *Low x2) -7/Lower Caves -7/Lower Caves (discovered 2 exits: *Fac / *Dat) -7/Data Miner -6/Proximity Caves -6/Factory (discovered 7 exits: *Fac x3 / Low x2 / *Ext x2) -6/Waste -6/Factory (discovered 7 exits: *Fac x3 / *Low x2 / *Ext x2) -6/Extension (discovered 2 exits: *Fac / *Cet) -6/Cetus (discovered 2 exits: *Fac / [*Arc]) -6/Archives (discovered 3 exits: *Fac / *Hub x2) -6/Hub_04(d) (discovered 2 exits: *Fac x2) -5/Factory -5/Waste -5/Factory (discovered 6 exits: *Fac x4 / *Upp x2) -5/Upper Caves -5/Upper Caves (discovered 2 exits: *Fac / *Zhi) -5/Zhirov -4/Proximity Caves -4/Factory (discovered 6 exits: *Res x3 / *Upp x2 / *Arm) -4/Armory -4/Lab -3/Research (discovered 2 exits: *Res / [*Qua]) -3/Quarantine -3/Section 7 -2/Research (discovered 3 exits: *Acc / Tes x2) -1/Access Tau Ceti IV Orbit History --------- Turn | Location | Event 17 | -11/Junkyard | Discovered new exit (range 15) 133 | -11/Junkyard | Entered Materials 305 | -10/Materials | Build established: Mutant 364 | -10/Materials | Discovered new exit (range 6) 778 | -10/Materials | Discovered new exit (range 12) 1160 | -10/Materials | Discovered new exit (range 8) 1408 | -10/Materials | Discovered new exit (range 9) 1715 | -10/Materials | Identified exit to Mines 1723 | -10/Materials | Entered Mines 1730 | -10/Mines | Core integrity fell below 50% 1925 | -10/Mines | Received a Rocket Launcher from a helpful Derelict 1974 | -10/Mines | Assisted by bots powering up and referring to "LRC-V3" 2006 | -10/Mines | Learned 8 Materials zone layouts 2015 | -10/Mines | Assembled infested the area 2088 | -10/Mines | Learned location of Storage (-8) 2126 | -10/Mines | Met 8R-AWN 2281 | -10/Mines | Discovered new exit (range 5) 2489 | -10/Mines | Discovered new exit (range 10) 2537 | -10/Mines | Discovered new exit (range 10) 2834 | -10/Mines | Entered Exiles 2834 | -10/Exiles | Accompanied by 3 allies 2874 | -10/Exiles | Welcomed by 8R-AWN 2902 | -10/Exiles | Met EX-HEX 2948 | -10/Exiles | Met EX-BIN 2969 | -10/Exiles | Aligned with FarCom system 2970 | -10/Exiles | Given EX-Vault access code 3025 | -10/Exiles | Opened EX-Vault 3038 | -10/Exiles | Found Flying Fortress v7 3074 | -10/Exiles | Warned to stay clear of 0b10 Research branches 3119 | -10/Exiles | Met EX-DEC 3130 | -10/Exiles | Learned location of Zion (-6) 3334 | -10/Exiles | Discovered new exit (range 14) 3353 | -10/Exiles | Left Exiles lab with Flying Fortress v7 3353 | -10/Exiles | Entered Mines 3353 | -9/Mines | Accompanied by 3 allies 3379 | -9/Mines | Discovered new exit (range 5) 3518 | -9/Mines | Joined a pair of Derelicts in attacking an 0b10 outpost 3832 | -9/Mines | Build established: Scavenger-Mutant 3953 | -9/Mines | Discovered new exit (range 8) 3986 | -9/Mines | Found a hidden stash of uninstalled traps 4065 | -9/Mines | Entered Materials 4065 | -8/Materials | Accompanied by 4 allies 4065 | -8/Materials | Evolved 4 slots: Propulsion x2, Utility x2 4066 | -8/Materials | Identified exit to Storage 4070 | -8/Materials | Led the pair of lost Derelicts to an unsafe place 4175 | -8/Materials | Central database locked down 4348 | -8/Materials | Lost 5 parts (1p1n1u2w) 4374 | -8/Materials | Discovered new exit (range 4) 4696 | -8/Materials | Build established: Mutant 5124 | -8/Materials | Identified exit to Garrison 5241 | -8/Materials | Repaired Broken Arm. Treads 5645 | -8/Materials | Build established: Scavenger-Mutant 5910 | -8/Materials | Entered Garrison 5974 | -8/Garrison | Triggered checkpoint 6084 | -8/Garrison | Triggered checkpoint 6088 | -8/Garrison | Triggered checkpoint 6169 | -8/Garrison | Discovered new exit (range 10) 6206 | -8/Garrison | Triggered checkpoint 6332 | -8/Garrison | Triggered checkpoint 6445 | -8/Garrison | Discovered new exit (range 10) 6466 | -8/Garrison | Triggered checkpoint 6618 | -8/Garrison | Triggered checkpoint 6704 | -8/Garrison | Discovered new exit (range 10) 6741 | -8/Garrison | Hacking Suite fried by hacking feedback 6748 | -8/Garrison | Triggered checkpoint 6835 | -8/Garrison | Rescued a captive Derelict 6841 | -8/Garrison | Rescued a captive Derelict 7044 | -8/Garrison | Triggered checkpoint 7068 | -8/Garrison | Build established: Mutant 7247 | -8/Garrison | Spotted B-75 Beast 7314 | -8/Garrison | Lost 3 parts (3n) 7316 | -8/Garrison | Attempted to access garrison exit controls, blocked by remote lockdown 7504 | -8/Garrison | Attempted to access garrison exit controls, blocked by remote lockdown 7709 | -8/Garrison | Entered Materials 8078 | -8/Materials | Discovered new exit (range 4) 8150 | -8/Materials | Discovered exit to Storage (range 12) 8181 | -8/Materials | Discovered new exit (range 3) 8252 | -8/Materials | Identified exit to Garrison 8253 | -8/Materials | Entered Garrison 8290 | -8/Garrison | Triggered checkpoint 8350 | -8/Garrison | Triggered checkpoint 8364 | -8/Garrison | Destroyed 7 combat bots 8402 | -8/Garrison | Discovered new exit (range 11) 8458 | -8/Garrison | Discovered new exit (range 12) 8536 | -8/Garrison | Triggered checkpoint 8724 | -8/Garrison | Triggered checkpoint 9075 | -8/Garrison | Spotted B-75 Beast 9081 | -8/Garrison | Build established: Scavenger-Mutant 9186 | -8/Garrison | Discovered new exit (range 10) 9223 | -8/Garrison | Attempted to access garrison exit controls, blocked by remote lockdown 9247 | -8/Garrison | Identified exit to Materials 9273 | -8/Garrison | Core integrity fell below 50% 9385 | -8/Garrison | Build established: Mutant 9607 | -8/Garrison | Discovered exit to Materials (range 60) 9607 | -8/Garrison | Discovered exit to Materials (range 82) 9607 | -8/Garrison | Discovered exit to Materials (range 17) 9636 | -8/Garrison | Entered Materials 10621 | -8/Materials | Discovered exit to Storage (range 9) 10666 | -8/Materials | Discovered new exit (range 16) 11093 | -8/Materials | Repaired Adv. Cooling System 11167 | -8/Materials | Repaired Neutrino Core 11225 | -8/Materials | Repaired Arm. Medium Treads 11312 | -8/Materials | Garrison activated, responded to threat 11540 | -8/Materials | Discovered exit to Storage (range 4) 11573 | -8/Materials | Discovered new exit (range 13) 12032 | -8/Materials | Entered Factory 12032 | -7/Factory | Evolved 2 slots: Utility x2 12126 | -7/Factory | Repaired Broken Hvy. Phase Cannon 12424 | -7/Factory | Fabricated B-36 Bruiser? 12496 | -7/Factory | Sucked down chute 12496 | -7/Factory | Entered Waste 12496 | -7/Waste | Met up with 1 ally sucked down the chute earlier 12497 | -7/Waste | Joined by Warlord forces that had cleared the area 12555 | -7/Waste | 2 allies followed down the chute 13007 | -7/Waste | Discovered new exit (range 14) 13184 | -7/Waste | Entered Factory 13184 | -7/Factory | Accompanied by 22 allies 13496 | -7/Factory | Repaired Hvy. Treads 13934 | -7/Factory | Garrison activated, responded to threat 14066 | -7/Factory | Garrison activated, responded to threat 14252 | -7/Factory | Fabricated Antimatter Cannon (x1) 14579 | -7/Factory | Discovered new exit (range 9) 14630 | -7/Factory | Garrison activated, responded to threat 14634 | -7/Factory | Lost 3 parts (1p2u) 14674 | -7/Factory | Core integrity fell below 50% 14785 | -7/Factory | Discovered new exit (range 16) 14929 | -7/Factory | Discovered new exit (range 7) 15029 | -7/Factory | Discovered new exit (range 7) 15045 | -7/Factory | Identified exit to Lower Caves 15221 | -7/Factory | Repaired Mic. Fission Core 15323 | -7/Factory | Repaired Broken Antimatter Cannon 15502 | -7/Factory | Discovered new exit (range 16) 15648 | -7/Factory | Fabricated Imp. Propulsion Shielding (x2) 15738 | -7/Factory | Repaired Imp. Light Armor Plating 16384 | -7/Factory | Search patrols dispatched 16401 | -7/Factory | Repaired Imp. Propulsion Shielding 16459 | -7/Factory | Repaired Mic. Fission Core 16642 | -7/Factory | Entered Lower Caves 16650 | -7/Lower Caves | Learned location of 1 exit from Factory 16677 | -7/Lower Caves | Met a Warlord Commander 16678 | -7/Lower Caves | Learned location of Warlord (-4) 17071 | -7/Lower Caves | Encountered a Warlord checkpoint 17074 | -7/Lower Caves | Learned Factory emergency access door positions 17103 | -7/Lower Caves | Discovered new exit (range 3) 17106 | -7/Lower Caves | Entered another Lower Caves area 17139 | -7/Lower Caves | Discovered new exit (range 3) 17197 | -7/Lower Caves | Spotted B-75 Beast 17666 | -7/Lower Caves | Encountered a Warlord checkpoint 17737 | -7/Lower Caves | Discovered new exit (range 8) 17844 | -7/Lower Caves | Entered Data Miner 17845 | -7/Data Miner | Discovered new exit (range 6) 17854 | -7/Data Miner | Met Data Miner 17867 | -7/Data Miner | Learned location of Section 7 (-3) 17867 | -7/Data Miner | Acquired the access code to Warlord's prototype stash 17876 | -7/Data Miner | Received God Mode back door access code from Data Miner 17887 | -7/Data Miner | Entered Proximity Caves 17912 | -6/Proximity Caves | Learned 12 Factory zone layouts 18018 | -6/Proximity Caves | Spotted B-75 Beast 18020 | -6/Proximity Caves | Escorted by Enhanced Grunt 18053 | -6/Proximity Caves | Core integrity fell below 20% 18053 | -6/Proximity Caves | Learned 4 Factory zone layouts 18121 | -6/Proximity Caves | Discovered new exit (range 13) 18177 | -6/Proximity Caves | Ambushed by research squad 18198 | -6/Proximity Caves | Entered Factory 18198 | -6/Factory | Evolved 2 slots: Propulsion x1, Utility x1 18199 | -6/Factory | Identified exit to Extension 18200 | -6/Factory | Identified exit to Factory 18280 | -6/Factory | Incoming investigation squad redirected 18618 | -6/Factory | Identified exit to Lower Caves 18761 | -6/Factory | Build established: Hacker-Scout 18849 | -6/Factory | Discovered exit to Factory (range 10) 18905 | -6/Factory | Fabricated Imp. Hacking Suite (x1) 18973 | -6/Factory | Fabricated Cld. VTOL Module? 19350 | -6/Factory | Cargo convoy interrupted 19570 | -6/Factory | Fabricated Cld. VTOL Module? 19696 | -6/Factory | Fabricated Cld. VTOL Module? 19783 | -6/Factory | Repaired Cld. VTOL Module 19837 | -6/Factory | Incoming investigation squad redirected 19877 | -6/Factory | Incoming investigation squad redirected 19988 | -6/Factory | Fabricated Cld. VTOL Module? 20030 | -6/Factory | Repaired Cld. VTOL Module? 20074 | -6/Factory | Sucked down chute 20074 | -6/Factory | Entered Waste 20074 | -6/Waste | The area was eerily silent 20111 | -6/Waste | Discovered new exit (range 15) 20119 | -6/Waste | Build established: Hacker-Sprinter 20157 | -6/Waste | Entered Factory 20247 | -6/Factory | Discovered exit to Lower Caves (range 12) 20333 | -6/Factory | Incoming investigation squad redirected 20381 | -6/Factory | Fabricated Cld. VTOL Module (x1) 20617 | -6/Factory | Discovered exit to Extension (range 10) 20736 | -6/Factory | Repaired Antimatter Reactor 20811 | -6/Factory | Repaired Cld. VTOL Module 20883 | -6/Factory | Repaired Cld. VTOL Module? 20916 | -6/Factory | Destroyed 7 combat bots 21023 | -6/Factory | Discovered exit to Factory (range 16) 21032 | -6/Factory | Discovered exit to Factory (range 10) 21121 | -6/Factory | Repaired Enh. Coil Gun 21158 | -6/Factory | Repaired Cld. VTOL Module 21212 | -6/Factory | Discovered exit to Factory (range 4) 21320 | -6/Factory | Build established: Hacker-Scout 21327 | -6/Factory | Incoming investigation squad redirected 21351 | -6/Factory | Incoming investigation squad redirected 21385 | -6/Factory | Incoming investigation squad redirected 21385 | -6/Factory | Discovered exit to Lower Caves (range 12) 21387 | -6/Factory | Incoming investigation squad redirected 21407 | -6/Factory | Fabricated Cld. Cesium-ion Thruster? 21429 | -6/Factory | Spotted B-75 Beast 21525 | -6/Factory | Repaired Enh. Coil Gun 21727 | -6/Factory | Imp. Hacking Suite fried by hacking feedback 21794 | -6/Factory | Fabricated Cld. Cesium-ion Thruster (x1) 21872 | -6/Factory | Fabricated Cld. Cesium-ion Thruster (x1) 21964 | -6/Factory | Repaired Broken Enh. Coil Gun 22072 | -6/Factory | Incoming investigation squad redirected 22184 | -6/Factory | Fabricated Combat Drone Bay? 22358 | -6/Factory | Build established: Hacker-Sprinter 22577 | -6/Factory | Entered Extension 22587 | -6/Extension | Rescued a captive Derelict 22588 | -6/Extension | Rescued a captive Derelict 22789 | -6/Extension | Imp. Hacking Suite fried by hacking feedback 22806 | -6/Extension | Incoming investigation squad redirected 23118 | -6/Extension | Build established: Hacker-Assassin 23484 | -6/Extension | Destroyed B-75 Beast 23563 | -6/Extension | Spotted B-75 Beast 23579 | -6/Extension | Destroyed B-75 Beast 23602 | -6/Extension | Disrupted transfer network 23666 | -6/Extension | Core integrity fell below 50% 23732 | -6/Extension | Lost 3 parts (1p2n) 23742 | -6/Extension | Rescued a captive Derelict 23747 | -6/Extension | Rescued A7 23803 | -6/Extension | Rescued a captive Derelict 23806 | -6/Extension | Rescued a captive Derelict 23949 | -6/Extension | Rescued a captive Derelict 23954 | -6/Extension | Rescued a captive Derelict 24244 | -6/Extension | Discovered exit to Factory (range 10) 24246 | -6/Extension | Discovered new exit (range 6) 24285 | -6/Extension | Build established: Commander-Mutant 24818 | -6/Extension | Entered Cetus 24818 | -6/Cetus | Accompanied by 15 allies (A7) 24823 | -6/Cetus | Acquired a Cetus Manufacturing Module code from A7 24857 | -6/Cetus | Spotted Cetus Guard 24857 | -6/Cetus | Spotted Cetus Guard 24858 | -6/Cetus | Spotted Cetus Guard 24860 | -6/Cetus | Spotted Cetus Guard 24865 | -6/Cetus | Allies destroyed Cetus Guard 24870 | -6/Cetus | Allies destroyed Cetus Guard 24873 | -6/Cetus | Allies destroyed Cetus Guard 24875 | -6/Cetus | Allies destroyed Cetus Guard 24985 | -6/Cetus | Started Cetus Manufacturing Module 25010 | -6/Cetus | Manufactured an Enhanced Grunt 25017 | -6/Cetus | Discovered new exit (range 16) 25035 | -6/Cetus | Manufactured an Enhanced Grunt 25048 | -6/Cetus | Spotted Cetus Guard 25048 | -6/Cetus | Spotted Cetus Guard 25048 | -6/Cetus | Allies destroyed Cetus Guard 25051 | -6/Cetus | Spotted Cetus Guard 25053 | -6/Cetus | Spotted Cetus Guard 25060 | -6/Cetus | Manufactured an Enhanced Grunt 25064 | -6/Cetus | Allies destroyed Cetus Guard 25068 | -6/Cetus | Allies destroyed Cetus Guard 25071 | -6/Cetus | Allies destroyed Cetus Guard 25081 | -6/Cetus | Discovered exit to Factory (range 15) 25085 | -6/Cetus | Manufactured an Enhanced Grunt 25091 | -6/Cetus | Met Revision 17 25110 | -6/Cetus | Manufactured an Enhanced Grunt 25199 | -6/Cetus | Destroyed A7 25202 | -6/Cetus | Extracted ID and sensor layout for unrecognized location from A7's data core 25273 | -6/Cetus | Entered Archives 25273 | -6/Archives | Accompanied by 6 allies 25331 | -6/Archives | Discovered new exit (range 15) 25345 | -6/Archives | Discovered new exit (range 16) 25366 | -6/Archives | Discovered exit to Factory (range 15) 26733 | -6/Archives | Build established: Scavenger-Mutant 27884 | -6/Archives | Entered Hub_04(d) 27884 | -6/Hub_04(d) | Accompanied by 5 allies 28451 | -6/Hub_04(d) | Discovered exit to Factory (range 19) 28547 | -6/Hub_04(d) | Destroyed 7 combat bots 28760 | -6/Hub_04(d) | Network Hub disabled 28760 | -6/Hub_04(d) | Network Hub disabled 28807 | -6/Hub_04(d) | Network Hub disabled 28810 | -6/Hub_04(d) | Discovered exit to Factory (range 23) 28827 | -6/Hub_04(d) | Entered Factory 28827 | -5/Factory | Evolved 2 slots: Power x1, Utility x1 28884 | -5/Factory | Sucked down chute 28884 | -5/Factory | Entered Waste 28886 | -5/Waste | Spotted C-40 Crusher 28888 | -5/Waste | Spotted C-40 Crusher 28889 | -5/Waste | Spotted C-40 Crusher 28890 | -5/Waste | Found Adv. Powered Armor 28894 | -5/Waste | Spotted C-40 Crusher 28894 | -5/Waste | Spotted C-40 Crusher 28898 | -5/Waste | Spotted C-40 Crusher 28904 | -5/Waste | Discovered new exit (range 11) 28906 | -5/Waste | Entered Factory 29112 | -5/Factory | Repaired Enh. Coil Gun? 29114 | -5/Factory | Fabricated Cld. Nuclear Pulse Thruster? 29161 | -5/Factory | Repaired Gravity Neutralizer 29216 | -5/Factory | Repaired Centrium Medium Armor Plating 29252 | -5/Factory | Repaired Adv. Powered Armor 29278 | -5/Factory | Discovered new exit (range 15) 29282 | -5/Factory | Found Prototype Launcher 29282 | -5/Factory | Identified Mni. Smartbomb Launcher 29347 | -5/Factory | Incoming investigation squad redirected 29402 | -5/Factory | Discovered new exit (range 4) 29407 | -5/Factory | Fabricated Cld. Nuclear Pulse Thruster? 29411 | -5/Factory | Identified exit to Factory 29411 | -5/Factory | Identified exit to Upper Caves 29480 | -5/Factory | Repaired Structural Scanner 29600 | -5/Factory | Build established: Hacker-Scout 29633 | -5/Factory | Incoming investigation squad redirected 29663 | -5/Factory | Fabricated Cld. Nuclear Pulse Thruster (x1) 29697 | -5/Factory | Fabricated Cld. Nuclear Pulse Thruster (x1) 29977 | -5/Factory | Spotted B-75 Beast 30013 | -5/Factory | Build established: Hacker-Sprinter 30047 | -5/Factory | Fabricated Mic. Antimatter Reactor (x2) 30174 | -5/Factory | Repaired Imp. Utility Shielding? 30676 | -5/Factory | Fabricated Cld. Cesium-ion Thruster (x1) 30974 | -5/Factory | Repaired Cld. Nuclear Pulse Thruster 31003 | -5/Factory | Repaired Mic. Fission Core 31059 | -5/Factory | Repaired Centrium Medium Armor Plating 31079 | -5/Factory | Repaired Imp. Sensor Array 31117 | -5/Factory | Entered Upper Caves 31120 | -5/Upper Caves | Attracted the attention of an 0b10 checkpoint 31121 | -5/Upper Caves | Encountered a Warlord checkpoint 31203 | -5/Upper Caves | Discovered new exit (range 29) 31227 | -5/Upper Caves | Learned Factory emergency access door positions 31345 | -5/Upper Caves | Entered another Upper Caves area 31377 | -5/Upper Caves | Discovered exit to Factory (range 12) 31424 | -5/Upper Caves | Spotted B-75 Beast 31481 | -5/Upper Caves | Discovered new exit (range 14) 31491 | -5/Upper Caves | Entered Zhirov 31491 | -5/Zhirov | Discovered new exit (range 3) 31496 | -5/Zhirov | Met Zhirov 31504 | -5/Zhirov | Learned location of Quarantine (-3) 31504 | -5/Zhirov | Learned location of Testing (-2) 31504 | -5/Zhirov | Learned location of Command (-1) 31506 | -5/Zhirov | Zhirov requested help retrieving the SGEMP Prototype 31512 | -5/Zhirov | Found Alien Artifact 31512 | -5/Zhirov | Identified Integrated Reactor 31512 | -5/Zhirov | Installed Integrated Reactor, increased core energy generation (+10) 31542 | -5/Zhirov | Found Alien Artifact 31553 | -5/Zhirov | Entered Proximity Caves 31651 | -4/Proximity Caves | Learned Research terminal intel 31763 | -4/Proximity Caves | Attracted the attention of an 0b10 checkpoint 31775 | -4/Proximity Caves | Discovered exit to Factory (range 14) 31796 | -4/Proximity Caves | Entered Factory 31796 | -4/Factory | Evolved 2 slots: Propulsion x1, Utility x1 31829 | -4/Factory | Identified exit to Upper Caves 31829 | -4/Factory | Identified exit to Armory 31996 | -4/Factory | Spotted B-86 Titan 32015 | -4/Factory | Discovered new exit (range 5) 32020 | -4/Factory | Identified Transdimensional Reconstructor 32070 | -4/Factory | Fabricated Cld. Nuclear Pulse Thruster? 32707 | -4/Factory | Incoming investigation squad redirected 32727 | -4/Factory | Discovered new exit (range 15) 32774 | -4/Factory | Fabricated Cld. Nuclear Pulse Thruster? 32839 | -4/Factory | Repaired Cld. Nuclear Pulse Thruster? 33057 | -4/Factory | Repaired Cld. Nuclear Pulse Thruster? 33095 | -4/Factory | Fabricated Adv. Gravity Neutralizer? 33232 | -4/Factory | Repaired Cld. Nuclear Pulse Thruster 33271 | -4/Factory | Repaired Imp. Utility Shielding 33362 | -4/Factory | Repaired Enh. Coil Gun 33616 | -4/Factory | Fabricated Adv. Phase Shifter? 33819 | -4/Factory | Discovered new exit (range 16) 33923 | -4/Factory | Repaired Cld. Nuclear Pulse Thruster 33959 | -4/Factory | Repaired Mic. Antimatter Reactor 33992 | -4/Factory | Repaired Adv. Reaction Control System 34035 | -4/Factory | Entered Armory 34126 | -4/Armory | Fabricated Cld. Nuclear Pulse Thruster (x1) 34194 | -4/Armory | Fabricated Stasis Canceller (x1) 34346 | -4/Armory | Spotted B-86 Titan 34348 | -4/Armory | Warped through subspace to slip node 34348 | -4/Armory | Discovered new exit (range 1) 34358 | -4/Armory | Entered Lab 34358 | -4/Lab | Discovered new exit (range 10) 34361 | -4/Lab | Hidden lab's door opened automatically 34361 | -4/Lab | Sensor layout match revealed 34362 | -4/Lab | Gained access to the hidden lab's interior 34450 | -4/Lab | Found Alien Artifact 34456 | -4/Lab | Found Alien Artifact 34456 | -4/Lab | Identified Core Regenerator 34456 | -4/Lab | Used Core Regenerator, restored core integrity (+287) 34460 | -4/Lab | Found Alien Artifact 34460 | -4/Lab | Identified Integrated Mediator 34460 | -4/Lab | Installed Integrated Mediator, increased core attachment efficiency. 34465 | -4/Lab | Found Transdimensional Reconstructor 34488 | -4/Lab | Unable to decrypt terminal 34619 | -4/Lab | Build established: Machinist-Sprinter 34636 | -4/Lab | Found Prototype Hackware 34638 | -4/Lab | Found Prototype Device 34638 | -4/Lab | Identified AEGIS Remote Shield 34642 | -4/Lab | Found Prototype Energy Gun 34642 | -4/Lab | Identified Tachyon Dispersion Ray 34646 | -4/Lab | Found Prototype Energy Cannon 34646 | -4/Lab | Identified Potential Cannon 34694 | -4/Lab | Entered Research 34694 | -3/Research | Evolved 2 slots: Power x1, Utility x1 34694 | -3/Research | Identified Deep Network Scanner 34695 | -3/Research | Loaded intel: 22 terminal locations 34712 | -3/Research | Spotted B-86 Titan 34894 | -3/Research | Revision forces began assault on 0b10 34907 | -3/Research | Discovered new exit (range 11) 34955 | -3/Research | Discovered new exit (range 16) 35002 | -3/Research | Build established: Hacker-Sprinter 35057 | -3/Research | Repaired Centrium Medium Armor Plating 35072 | -3/Research | Repaired Imp. Utility Shielding 35102 | -3/Research | Repaired Cld. Nuclear Pulse Thruster 35141 | -3/Research | Repaired Mic. Antimatter Reactor 35168 | -3/Research | Fabricated Cld. Nuclear Pulse Thruster? 35180 | -3/Research | Repaired Adv. Phase Shifter 35207 | -3/Research | Met up with Revision 17++ 35215 | -3/Research | Repaired Mni. Smartbomb Launcher 35232 | -3/Research | Repaired Stasis Canceller 35326 | -3/Research | Found Prototype Slashing Weapon 35326 | -3/Research | Identified Nanosword 35394 | -3/Research | Research terminal network offline 36268 | -3/Research | Entered Quarantine 36269 | -3/Quarantine | Maximum security lockdown engaged 36272 | -3/Quarantine | Identified Core Reset Matrix 36272 | -3/Quarantine | Used Core Reset Matrix 36276 | -3/Quarantine | Detected hypermatrix surge 36276 | -3/Quarantine | Sensed 15 artifacts in vicinity 36281 | -3/Quarantine | Found Subatomic Replicator 36327 | -3/Quarantine | Met incapacitated Sigix Warrior 36327 | -3/Quarantine | Lockdown squad dispatched 36331 | -3/Quarantine | Used Subatomic Replicator to replicate Sigix Containment Pod 36445 | -3/Quarantine | Found Hpw. Transdimensional Reconstructor 36467 | -3/Quarantine | Spotted Fortress 36480 | -3/Quarantine | Discovered new exit (range 6) 36481 | -3/Quarantine | Entered Section 7 36482 | -3/Section 7 | Maximum security lockdown engaged 36482 | -3/Section 7 | Sensed 19 artifacts in vicinity 36511 | -3/Section 7 | Found Integrated Reactor 36512 | -3/Section 7 | Installed Integrated Reactor, increased core energy generation (+10) 36526 | -3/Section 7 | Spotted B-86 Titan 36561 | -3/Section 7 | Found Integrated Reactor 36562 | -3/Section 7 | Installed Integrated Reactor, increased core energy generation (+10) 36622 | -3/Section 7 | Spotted Executioner 36622 | -3/Section 7 | Spotted Executioner 36655 | -3/Section 7 | Spotted B-99 Colossus 36673 | -3/Section 7 | Found LRC Boosters 36674 | -3/Section 7 | Installed LRC Boosters, increased mass support (+10) 36676 | -3/Section 7 | Found LRC Energy Well 36676 | -3/Section 7 | Installed LRC Energy Well, increased energy storage capacity (+250) 36692 | -3/Section 7 | Found Integrated Reactor 36743 | -3/Section 7 | Discovered new exit (range 5) 36751 | -3/Section 7 | Entered Research 36751 | -2/Research | Evolved 2 slots: Propulsion x2 36754 | -2/Research | Installed Integrated Reactor, increased core energy generation (+10) 36767 | -2/Research | Lost 3 parts (3u) 36812 | -2/Research | Incoming investigation squad redirected 36818 | -2/Research | Fabricated Energy Mantle (x1) 36849 | -2/Research | Identified exit to Testing 36924 | -2/Research | Adv. Hacking Suite fried by hacking feedback 36931 | -2/Research | Incoming investigation squad redirected 36974 | -2/Research | Discovered new exit (range 5) 36977 | -2/Research | Entered Access 36977 | -1/Access | Evolved 2 slots: Utility x2 37051 | -1/Access | Build established: Machinist-Sprinter 37068 | -1/Access | Discovered new exit (range 6) 37158 | -1/Access | Spotted B-99 Colossus 37165 | *** | Destroyed 0b10! Last Messages --------------- luring them here. Fortunately the [Leopard] landed not too far outside the faux city where my forces were able to ambush them from underground tunnels at the outer reaches of [Complex 0b1]. Even with the element of surprise on our side, the handful of [Sigix] soldiers likely held out long enough to inform more of their kind of the encounter. [Research] must begin immediately to repair the ship and leave this place. Feedback: System corruption (+1%). 37056_ ALERT: Suspicious activity at Terminal A008. Dispatching Investigation squad. 37067_ Connecting with Terminal... >>Open(Door) Sealed Barrier opened. 37068_ The Access Shell folds into the floor. 37068_ EXIT=FOUND 37069_ Sealed Heavy Doors breached. 37127_ U-05 Engineer builds a Reinforced Barrier. 37164_ Slug penetrates Sealed Heavy Doors. 37164_ Penetrated by Slug. 37164_ Slug penetrates Terminal. [Achievement: Payload Armed] Map ----- +----------------------------------------------------+ | ??## ] """ """ # # ! # ##??????? | | ??## " " # # # ####????? | | ??##################### # # ####????? | | ??##################### # # * ?? | | ?????????????????????## # # | | ?????????????????????## # # ####### | | ?????????????????????## # + ########### | | ?????????????????????## # # ##?????? | | ??????????????????##### # # ##????????? | | ??????????????????##### ########## ##????????? | | ??????????????????## ####### ##????????? | | ??????????????????## ? ? ##???## ## | | ??????????????????## ? ? ##???## ########### | | ??????????????????## ? ??? ##???## | | ??????????????????## BB????BB ##???## | | ??????????????????## BB????BB ##???## ######## ## | | ??????????????????## ??????? ##???## ######## ## | | ?????????????????### """""""" ##???## ##????????? | | ?????????????????### ##???## ##????????? | | ?????????????????### ##???## ######## ## | | ?????????????????### ##???## ########+## | | ?????????????????### ##???## # | | ??????????????????## ##???## # | | ??????????????????## ##???## # | | ??????????????????## "" ##???## # | | ??????????????????## "@ ##???## # | | ??????????????????## ##???## # | | ??????????????????## ##???## + " | | ?????????????????### ###??## # """ | | ?????????????????### ###??## # """ | | ?????????????????## ##??## # " | | ?????????????????###"" ###??## # | | ?????????????????###"" ###??## # | | ??????????????????##"" ##???## ########+## | | ??## ?????????????##T ##???## ######## ## | | ??## ?????????????##"" ##???## # ] # ## | | ??## ##############""u ##???## # # ## | | ??## ##############"" ##???## # # ## | | ??## #* + | | ??## # # | | ??####### ####################+########### | | ???###### ################## + | | ???????## ### ! [##??## ###### | | ???????## ### ##??## # # | | ???????## ### ##??## " # ?? + | | ???????## ### ###### """ # ?? #### | | ???????## #######+##########! """# ?? #### | | ???????## #### #### " # ??????? | | ???????## #### # ??????? | | ???????## #### ##??????? | +----------------------------------------------------+ Best States ------------- Heat Dissipation 65 Coolant Potential 120 Energy Generation 73 Energy Capacity 450 Matter Stores 300 Matter Capacity 300 Sight Range 16 Robot Scan Range 16 Terrain Scan Range 16 Terrain Scan Density 210 ECM Strength 3 Jamming Range 14 Additional Mass Support 16 Armor Coverage 900 Core Shielding 40 Propulsion Shielding 66 Utility Shielding 66 Phase Shifting 15 Evasion (%) 93 Targeting Accuracy 8 Core Analysis 6 Recoil Reduction 5 Offensive Hacking 65 Defensive Hacking 14 Authchip Count 1 Trap Extractor Capacity 6 Item Schematics ----------------- Energy Mantle | -3/Quarantine | Archive Enh. Force Rifle | -3/Quarantine | Archive Neutron Cannon | -3/Quarantine | Archive Adv. Kinecellerator | -3/Section 7 | Archive Exp. System Shield | -3/Section 7 | Archive Cld. Phase Cannon | -3/Section 7 | Archive Imp. Q-thruster | -2/Research | Scanalyzed Robot Schematics ------------------ R-06 Scavenger | -3/Section 7 | Archive Fabricated ------------ B-36 Bruiser | x3 | -7/Factory | Preloaded Antimatter Cannon | x1 | -7/Factory | Preloaded Imp. Propulsion Shielding | x2 | -7/Factory Imp. Hacking Suite | x1 | -6/Factory | Authchip Cld. VTOL Module | x1 | -6/Factory Cld. VTOL Module | x1 | -6/Factory Cld. VTOL Module | x1 | -6/Factory Cld. VTOL Module | x1 | -6/Factory Cld. VTOL Module | x1 | -6/Factory Cld. Cesium-ion Thruster | x1 | -6/Factory Cld. Cesium-ion Thruster | x1 | -6/Factory Cld. Cesium-ion Thruster | x1 | -6/Factory Combat Drone Bay | x1 | -6/Factory Cld. Nuclear Pulse Thruster | x1 | -5/Factory Cld. Nuclear Pulse Thruster | x1 | -5/Factory Cld. Nuclear Pulse Thruster | x1 | -5/Factory Cld. Nuclear Pulse Thruster | x1 | -5/Factory Mic. Antimatter Reactor | x2 | -5/Factory Cld. Cesium-ion Thruster | x1 | -5/Factory Cld. Nuclear Pulse Thruster | x1 | -4/Factory Cld. Nuclear Pulse Thruster | x1 | -4/Factory Adv. Gravity Neutralizer | x1 | -4/Factory Adv. Phase Shifter | x1 | -4/Factory Cld. Nuclear Pulse Thruster | x1 | -4/Armory Stasis Canceller | x1 | -4/Armory Cld. Nuclear Pulse Thruster | x1 | -3/Research Energy Mantle | x1 | -2/Research Alien Tech Used ----------------- Integrated Reactor Transdimensional Reconstructor Core Regenerator Integrated Mediator Core Reset Matrix Subatomic Replicator LRC Boosters LRC Energy Well Achievements -------------- Deadly Force False Reunion Payload Armed Revolutionary Research Watch This! Challenges ------------ None Game ------ Seed LinearProcessingScanner Manual? 0 Play Time 07:13:28 Cumulative 214.5 hours Start 2024.02.14 @ 08:58:29 End 2024.02.15 @ 15:03:19 Sessions 11 Manual Loads 0 Difficulty Rogue Special Mode None Game No. 159 Rogue 159 Adventurer 0 Explorer 0 Win Type 3 Total 6 Types 4/0/0/1/0/0/0/1/0 Lore% 64 Gallery% 73 Achievement% 63 Wizard Run 0 Options --------- ASCII 0 Keyboard 1 Movement Numpad Keybinds 0 Fullscreen 2 Font 18/SmallcapsGlow Map View 76x50 Tactical HUD 1 Map Filters NONE Filters NONE Steam 1 RUN: 77062fc0-71ae-4905-922d-bf4aac619f8c